Workbook

Sheet Tasques
A1: #VALUE!
A2: Projecte de serveis: Licitació Manteniment Integral 2025
A3: Institut Cartogràfic i Geològic de Catalunya(ICGC) | D3: Municipi: | E3: Barcelona
A4: 15/10/2025 | D4: Província: | E4: Barcelona
A5: (MONTJUIC) Seu Montjuic | D5: Instal·lació
D6: Comunitat Autònoma: | E6: Cataluña
D7: Àrea Metropolitana: | E7: Barcelona
D8: País: | E8: España
A10: Tipus | B10: Ordre Línia | C10: Nombre Línea | D10: Estat | E10: Código estándar | F10: Nombre estándar / Tipología de zona | G10: Codi gamma | H10: Codi tasca | I10: Descripción tarea | J10: Configuració | K10: Unidad de medida | L10: Periodicitat | M10: Nivell | N10: Tipus | O10: Normativa | P10: Tipus de recurs assignat | Q10: Tiempo por unidad y tarea (segundos) | R10: Unitats | S10: Inventario - m2 | T10: Tiempo Total para todas las unidades y por tarea (segundos) | U10: Número de veces al año que se realiza la tarea - (Si la periodicidad es superior a Anual, se realiza el cálculo como si debiese ser realizada este mismo año) | V10: Tiempo Total Anual (segundos) | W10: Coste / Hora (Euros) | X10: Coste Total Anual (Euros) | Y10: Subtotal por Estándar / Tipología (Euros) | Z10: Total por Línea (Euros)
A11: Revisió | B11: BT-GE-001 | C11: Grup Electrogen A | D11: Grup Electrogen | E11: E-011 | F11: Grup electrogen dièsel | G11: BT-GE-001.004 | H11: BT-GE-001.004.001 | I11: Greixatge general. | J11: Sí / No | L11: A (Anual) | M11: Complementària | N11: Preventiva | O11: Recomendada | P11: Empresa Especialista Grup Electrogen | Q11: 900 | R11: =Inventari!C9 -> 2 | T11: =Q11*R11 -> 1800 | U11: 1 | V11: =T11*U11 -> 1800 | W11: ='Tipus-de-Recurs-assignat'!B26 -> 120 | X11: =(V11/3600)*W11 -> 60
A12: Revisió | B12: BT-GE-001 | C12: Grup Electrogen A | D12: Grup Electrogen | E12: E-011 | F12: Grup electrogen dièsel | G12: BT-GE-001.004 | H12: BT-GE-001.004.002 | I12: Verificar l'estat i el canvi de l'oli del motor. | J12: Sí / No | L12: A (Anual) | M12: Complementària | N12: Preventiva | O12: Recomendada | P12: Empresa Especialista Grup Electrogen | Q12: 900 | R12: =Inventari!C9 -> 2 | T12: =Q12*R12 -> 1800 | U12: 1 | V12: =T12*U12 -> 1800 | W12: ='Tipus-de-Recurs-assignat'!B26 -> 120 | X12: =(V12/3600)*W12 -> 60
A13: Revisió | B13: BT-GE-001 | C13: Grup Electrogen A | D13: Grup Electrogen | E13: E-011 | F13: Grup electrogen dièsel | G13: BT-GE-001.004 | H13: BT-GE-001.004.003 | I13: Verifiqueu l'estat i canvieu el filtre de combustible. | J13: Sí / No | L13: A (Anual) | M13: Complementària | N13: Preventiva | O13: Recomendada | P13: Empresa Especialista Grup Electrogen | Q13: 900 | R13: =Inventari!C9 -> 2 | T13: =Q13*R13 -> 1800 | U13: 1 | V13: =T13*U13 -> 1800 | W13: ='Tipus-de-Recurs-assignat'!B26 -> 120 | X13: =(V13/3600)*W13 -> 60
A14: Revisió | B14: BT-GE-001 | C14: Grup Electrogen A | D14: Grup Electrogen | E14: E-011 | F14: Grup electrogen dièsel | G14: BT-GE-001.004 | H14: BT-GE-001.004.004 | I14: Drenar el circuit primari de gasoil i encebar el circuit de combustible. | J14: Sí / No | L14: A (Anual) | M14: Complementària | N14: Preventiva | O14: Recomendada | P14: Empresa Especialista Grup Electrogen | Q14: 1200 | R14: =Inventari!C9 -> 2 | T14: =Q14*R14 -> 2400 | U14: 1 | V14: =T14*U14 -> 2400 | W14: ='Tipus-de-Recurs-assignat'!B26 -> 120 | X14: =(V14/3600)*W14 -> 80
A15: Revisió | B15: BT-GE-001 | C15: Grup Electrogen A | D15: Grup Electrogen | E15: E-011 | F15: Grup electrogen dièsel | G15: BT-GE-001.004 | H15: BT-GE-001.004.005 | I15: Verificar l'estat i la neteja dels injectors. | J15: Sí / No | L15: A (Anual) | M15: Complementària | N15: Preventiva | O15: Recomendada | P15: Empresa Especialista Grup Electrogen | Q15: 1200 | R15: =Inventari!C9 -> 2 | T15: =Q15*R15 -> 2400 | U15: 1 | V15: =T15*U15 -> 2400 | W15: ='Tipus-de-Recurs-assignat'!B26 -> 120 | X15: =(V15/3600)*W15 -> 80
A16: Revisió | B16: BT-GE-001 | C16: Grup Electrogen A | D16: Grup Electrogen | E16: E-011 | F16: Grup electrogen dièsel | G16: BT-GE-001.004 | H16: BT-GE-001.004.006 | I16: Reglar les vàlvules. | J16: Sí / No | L16: A (Anual) | M16: Complementària | N16: Preventiva | O16: Recomendada | P16: Empresa Especialista Grup Electrogen | Q16: 1200 | R16: =Inventari!C9 -> 2 | T16: =Q16*R16 -> 2400 | U16: 1 | V16: =T16*U16 -> 2400 | W16: ='Tipus-de-Recurs-assignat'!B26 -> 120 | X16: =(V16/3600)*W16 -> 80
A17: Revisió | B17: BT-GE-001 | C17: Grup Electrogen A | D17: Grup Electrogen | E17: E-011 | F17: Grup electrogen dièsel | G17: BT-GE-001.004 | H17: BT-GE-001.004.007 | I17: Netejar el col·lector. | J17: Sí / No | L17: A (Anual) | M17: Complementària | N17: Preventiva | O17: Recomendada | P17: Empresa Especialista Grup Electrogen | Q17: 1200 | R17: =Inventari!C9 -> 2 | T17: =Q17*R17 -> 2400 | U17: 1 | V17: =T17*U17 -> 2400 | W17: ='Tipus-de-Recurs-assignat'!B26 -> 120 | X17: =(V17/3600)*W17 -> 80
A18: Revisió | B18: BT-GE-001 | C18: Grup Electrogen A | D18: Grup Electrogen | E18: E-011 | F18: Grup electrogen dièsel | G18: BT-GE-001.004 | H18: BT-GE-001.004.008 | I18: Verificar i ajustar les escombretes del motor d'arrencada i del generador de càrrega de bateries. | J18: Sí / No | L18: A (Anual) | M18: Complementària | N18: Preventiva | O18: Recomendada | P18: Empresa Especialista Grup Electrogen | Q18: 1200 | R18: =Inventari!C9 -> 2 | T18: =Q18*R18 -> 2400 | U18: 1 | V18: =T18*U18 -> 2400 | W18: ='Tipus-de-Recurs-assignat'!B26 -> 120 | X18: =(V18/3600)*W18 -> 80
A19: Revisió | B19: BT-GE-001 | C19: Grup Electrogen A | D19: Grup Electrogen | E19: E-011 | F19: Grup electrogen dièsel | G19: BT-GE-001.004 | H19: BT-GE-001.004.009 | I19: Neteja general del grup. | J19: Sí / No | L19: A (Anual) | M19: Complementària | N19: Preventiva | O19: Recomendada | P19: Empresa Especialista Grup Electrogen | Q19: 1200 | R19: =Inventari!C9 -> 2 | T19: =Q19*R19 -> 2400 | U19: 1 | V19: =T19*U19 -> 2400 | W19: ='Tipus-de-Recurs-assignat'!B26 -> 120 | X19: =(V19/3600)*W19 -> 80
A20: Revisió | B20: BT-GE-001 | C20: Grup Electrogen A | D20: Grup Electrogen | E20: E-011 | F20: Grup electrogen dièsel | G20: BT-GE-001.004 | H20: BT-GE-001.004.010 | I20: Realització de la prova de funcionament del grup en càrrega segons la gamma mensual. | J20: Sí / No | L20: A (Anual) | M20: Complementària | N20: Preventiva | O20: Recomendada | P20: Empresa Especialista Grup Electrogen | Q20: 1200 | R20: =Inventari!C9 -> 2 | T20: =Q20*R20 -> 2400 | U20: 1 | V20: =T20*U20 -> 2400 | W20: ='Tipus-de-Recurs-assignat'!B26 -> 120 | X20: =(V20/3600)*W20 -> 80
A21: Revisió | B21: BT-GE-001 | C21: Grup Electrogen A | D21: Grup Electrogen | E21: E-011 | F21: Grup electrogen dièsel | G21: BT-GE-001.004 | H21: BT-GE-001.004.011 | I21: Verificar la situació dels elements d'admissió i fuita: línies i filtres, oli a la fuita, fuites, drenatge, etc. | J21: Sí / No | L21: A (Anual) | M21: Complementària | N21: Preventiva | O21: Recomendada | P21: Empresa Especialista Grup Electrogen | Q21: 300 | R21: =Inventari!C9 -> 2 | T21: =Q21*R21 -> 600 | U21: 1 | V21: =T21*U21 -> 600 | W21: ='Tipus-de-Recurs-assignat'!B26 -> 120 | X21: =(V21/3600)*W21 -> 20
A22: Revisió | B22: BT-GE-001 | C22: Grup Electrogen A | D22: Grup Electrogen | E22: E-011 | F22: Grup electrogen dièsel | G22: BT-GE-001.004 | H22: BT-GE-001.004.012 | I22: Verificar els elements de refrigeració: Escalfador aigua bloc, indicador de temperatura, anticorrosiu i PH, estat i tensió de corretges, fuites d'aigua, oli a la refrigerant, taps Zinc-corrosió i nivell d'aigua. | J22: Sí / No | L22: A (Anual) | M22: Complementària | N22: Preventiva | O22: Recomendada | P22: Empresa Especialista Grup Electrogen | Q22: 600 | R22: =Inventari!C9 -> 2 | T22: =Q22*R22 -> 1200 | U22: 1 | V22: =T22*U22 -> 1200 | W22: ='Tipus-de-Recurs-assignat'!B26 -> 120 | X22: =(V22/3600)*W22 -> 40
A23: Revisió | B23: BT-GE-001 | C23: Grup Electrogen A | D23: Grup Electrogen | E23: E-011 | F23: Grup electrogen dièsel | G23: BT-GE-001.004 | H23: BT-GE-001.004.013 | I23: Verificar els elements de lubricació: Respiradors, filtres, fuites, consum d'oli, refrigerant en oli i nivell d'oli. | J23: Sí / No | L23: A (Anual) | M23: Complementària | N23: Preventiva | O23: Recomendada | P23: Empresa Especialista Grup Electrogen | Q23: 600 | R23: =Inventari!C9 -> 2 | T23: =Q23*R23 -> 1200 | U23: 1 | V23: =T23*U23 -> 1200 | W23: ='Tipus-de-Recurs-assignat'!B26 -> 120 | X23: =(V23/3600)*W23 -> 40
A24: Revisió | B24: BT-GE-001 | C24: Grup Electrogen A | D24: Grup Electrogen | E24: E-011 | F24: Grup electrogen dièsel | G24: BT-GE-001.004 | H24: BT-GE-001.004.014 | I24: Verificar injecció: Filtres, decantador drenatge, fuites de combustible, arrencada en fred i fum de fuita. | J24: Sí / No | L24: A (Anual) | M24: Complementària | N24: Preventiva | O24: Recomendada | P24: Empresa Especialista Grup Electrogen | Q24: 600 | R24: =Inventari!C9 -> 2 | T24: =Q24*R24 -> 1200 | U24: 1 | V24: =T24*U24 -> 1200 | W24: ='Tipus-de-Recurs-assignat'!B26 -> 120 | X24: =(V24/3600)*W24 -> 40
A25: Revisió | B25: BT-GE-001 | C25: Grup Electrogen A | D25: Grup Electrogen | E25: E-011 | F25: Grup electrogen dièsel | G25: BT-GE-001.004 | H25: BT-GE-001.004.015 | I25: Verificar el funcionament del sistema elèctric (motor): Estat bateries i borns, Càrrega alternat/dinamo, instal·lació elèctrica/cablejat, motor d'arrencada, indicadors, llums en panell, funcionament d'alarmes, botzines. | J25: Sí / No | L25: A (Anual) | M25: Complementària | N25: Preventiva | O25: Recomendada | P25: Empresa Especialista Grup Electrogen | Q25: 1200 | R25: =Inventari!C9 -> 2 | T25: =Q25*R25 -> 2400 | U25: 1 | V25: =T25*U25 -> 2400 | W25: ='Tipus-de-Recurs-assignat'!B26 -> 120 | X25: =(V25/3600)*W25 -> 80
A26: Revisió | B26: BT-GE-001 | C26: Grup Electrogen A | D26: Grup Electrogen | E26: E-011 | F26: Grup electrogen dièsel | G26: BT-GE-001.004 | H26: BT-GE-001.004.016 | I26: Verificar alternat: Estat neteja anells col·lector, connexions elèctriques, desgast escombretes generador, excitació generador, tensió i freqüència en càrrega i buit, greixar rodaments. | J26: Sí / No | L26: A (Anual) | M26: Complementària | N26: Preventiva | O26: Recomendada | P26: Empresa Especialista Grup Electrogen | Q26: 1500 | R26: =Inventari!C9 -> 2 | T26: =Q26*R26 -> 3000 | U26: 1 | V26: =T26*U26 -> 3000 | W26: ='Tipus-de-Recurs-assignat'!B26 -> 120 | X26: =(V26/3600)*W26 -> 100
A27: Revisió | B27: BT-GE-001 | C27: Grup Electrogen A | D27: Grup Electrogen | E27: E-011 | F27: Grup electrogen dièsel | G27: BT-GE-001.004 | H27: BT-GE-001.004.017 | I27: Verificar el quadre: Neteja exterior i elements mòbils, resistència de calefacció, alarma temperatura aigua, alarma de sobrevelocitat, alarma de pressió d'oli, alarma de parada automàtica, contactors i relés, programació arrencada, programació parada d'emergència i contactors xarxa i grups. | J27: Sí / No | L27: A (Anual) | M27: Complementària | N27: Preventiva | O27: Recomendada | P27: Empresa Especialista Grup Electrogen | Q27: 600 | R27: =Inventari!C9 -> 2 | T27: =Q27*R27 -> 1200 | U27: 1 | V27: =T27*U27 -> 1200 | W27: ='Tipus-de-Recurs-assignat'!B26 -> 120 | X27: =(V27/3600)*W27 -> 40 | Y27: =X11+X12+X13+X14+X15+X16+X17+X18+X19+X20+X21+X22+X23+X24+X25+X26+X27 -> 1100 | Z27: =X11+X12+X13+X14+X15+X16+X17+X18+X19+X20+X21+X22+X23+X24+X25+X26+X27 -> 1100
A28: Revisió | B28: BT-GSL-102 | C28: Revisió Dipòsit Gasoil Aeri Amb Projecte 5A | D28: Baixa Tensió | E28: E-006 | F28: Dipòsit de gasoil aeri (Amb Projecte) | G28: BT-DG-001.002 | H28: BT-DG-001.002.001 | I28: Verificar l'estat general de la instal·lació i de tots els elements: cubes, fonamentació dels tancs, tancaments, drenatges, bombes, equips, instal·lacions auxiliars… | J28: Sí / No | L28: 5A (Cada cinco años) | M28: Normativa | N28: Preventiva | O28: RIP | P28: Empresa Homologada Instal·lacions Petrolíferes | Q28: 900 | R28: =Inventari!C8 -> 1 | T28: =Q28*R28 -> 900 | U28: 1 | V28: =T28*U28 -> 900 | W28: ='Tipus-de-Recurs-assignat'!B5 -> 90 | X28: =(V28/3600)*W28 -> 22.5
A29: Revisió | B29: BT-GSL-102 | C29: Revisió Dipòsit Gasoil Aeri Amb Projecte 5A | D29: Baixa Tensió | E29: E-006 | F29: Dipòsit de gasoil aeri (Amb Projecte) | G29: BT-DG-001.002 | H29: BT-DG-001.002.002 | I29: Verificar, si n'hi ha, la posada a terra i la continuïtat elèctrica dels conductes i la resta d'elements metàl·lics. | J29: Sí / No | L29: 5A (Cada cinco años) | M29: Normativa | N29: Preventiva | O29: RIP | P29: Empresa Homologada Instal·lacions Petrolíferes | Q29: 300 | R29: =Inventari!C8 -> 1 | T29: =Q29*R29 -> 300 | U29: 1 | V29: =T29*U29 -> 300 | W29: ='Tipus-de-Recurs-assignat'!B5 -> 90 | X29: =(V29/3600)*W29 -> 7.5
A30: Revisió | B30: BT-GSL-102 | C30: Revisió Dipòsit Gasoil Aeri Amb Projecte 5A | D30: Baixa Tensió | E30: E-006 | F30: Dipòsit de gasoil aeri (Amb Projecte) | G30: BT-DG-001.002 | H30: BT-DG-001.002.003 | I30: Comprovar el correcte estat d'assortidors, mànegues i equips de tràfec. | J30: Sí / No | L30: 5A (Cada cinco años) | M30: Normativa | N30: Preventiva | O30: RIP | P30: Empresa Homologada Instal·lacions Petrolíferes | Q30: 300 | R30: =Inventari!C8 -> 1 | T30: =Q30*R30 -> 300 | U30: 1 | V30: =T30*U30 -> 300 | W30: ='Tipus-de-Recurs-assignat'!B5 -> 90 | X30: =(V30/3600)*W30 -> 7.5
A31: Revisió | B31: BT-GSL-102 | C31: Revisió Dipòsit Gasoil Aeri Amb Projecte 5A | D31: Baixa Tensió | E31: E-006 | F31: Dipòsit de gasoil aeri (Amb Projecte) | G31: BT-DG-001.002 | H31: BT-DG-001.002.004 | I31: En tancs i canonades, comprovar l'estat de les parets i el mesurament de gruixos si s'observa algun deteriorament en el moment de la revisió. | J31: Sí / No | L31: 5A (Cada cinco años) | M31: Normativa | N31: Preventiva | O31: RIP | P31: Empresa Homologada Instal·lacions Petrolíferes | Q31: 1200 | R31: =Inventari!C8 -> 1 | T31: =Q31*R31 -> 1200 | U31: 1 | V31: =T31*U31 -> 1200 | W31: ='Tipus-de-Recurs-assignat'!B5 -> 90 | X31: =(V31/3600)*W31 -> 30 | Y31: =X28+X29+X30+X31 -> 67.5 | Z31: =X28+X29+X30+X31 -> 67.5
A32: Revisió | B32: BT-IEX-002 | C32: Il·luminació exterior A | D32: Baixa Tensió | E32: E-530 | F32: Il·luminació exterior < 1 kW | G32: BT-IEX-002.001 | H32: BT-IEX-002.001.001 | I32: Neteja a fons de tots els elements. | J32: Sí / No | L32: A (Anual) | M32: Complementària | N32: Preventiva | O32: Recomendada | P32: Equip Intern Electricitat | Q32: 600 | R32: =Inventari!C64 -> 18 | T32: =Q32*R32 -> 10800 | U32: 1 | V32: =T32*U32 -> 10800 | W32: ='Tipus-de-Recurs-assignat'!B46 -> 35 | X32: =(V32/3600)*W32 -> 105
A33: Revisió | B33: BT-IEX-002 | C33: Il·luminació exterior A | D33: Baixa Tensió | E33: E-530 | F33: Il·luminació exterior < 1 kW | G33: BT-IEX-002.001 | H33: BT-IEX-002.001.002 | I33: Verificació de cablejat, connexions elèctriques i accessoris com ara encebadors, transformadors, preses de terra etc. | J33: Sí / No | L33: A (Anual) | M33: Complementària | N33: Preventiva | O33: Recomendada | P33: Equip Intern Electricitat | Q33: 600 | R33: =Inventari!C64 -> 18 | T33: =Q33*R33 -> 10800 | U33: 1 | V33: =T33*U33 -> 10800 | W33: ='Tipus-de-Recurs-assignat'!B46 -> 35 | X33: =(V33/3600)*W33 -> 105
A34: Revisió | B34: BT-IEX-002 | C34: Il·luminació exterior A | D34: Baixa Tensió | E34: E-530 | F34: Il·luminació exterior < 1 kW | G34: BT-IEX-002.001 | H34: BT-IEX-002.001.003 | I34: Inspeccionar l'estat de les fixacions, làmpades i lluminàries. | J34: Sí / No | L34: A (Anual) | M34: Complementària | N34: Preventiva | O34: Recomendada | P34: Equip Intern Electricitat | Q34: 600 | R34: =Inventari!C64 -> 18 | T34: =Q34*R34 -> 10800 | U34: 1 | V34: =T34*U34 -> 10800 | W34: ='Tipus-de-Recurs-assignat'!B46 -> 35 | X34: =(V34/3600)*W34 -> 105
A35: Revisió | B35: BT-IEX-002 | C35: Il·luminació exterior A | D35: Baixa Tensió | E35: E-530 | F35: Il·luminació exterior < 1 kW | G35: BT-IEX-002.001 | H35: BT-IEX-002.001.004 | I35: Per a aquells elements que disposin de transformadors, comprovar-ne el funcionament. | J35: Sí / No | L35: A (Anual) | M35: Complementària | N35: Preventiva | O35: Recomendada | P35: Equip Intern Electricitat | Q35: 600 | R35: =Inventari!C64 -> 18 | T35: =Q35*R35 -> 10800 | U35: 1 | V35: =T35*U35 -> 10800 | W35: ='Tipus-de-Recurs-assignat'!B46 -> 35 | X35: =(V35/3600)*W35 -> 105 | Y35: =X32+X33+X34+X35 -> 420 | Z35: =X32+X33+X34+X35 -> 420
A36: Revisió | B36: BT-ILE-003 | C36: Il·luminació d'emergència i senyalització 3M | D36: Baixa Tensió | E36: E-016 | F36: Il·luminació d'emergència i senyalització | G36: BT-ILE-001.001 | H36: BT-ILE-001.001.001 | I36: Comprovació del correcte estat dels panells informatius i de la seva il·luminació si escau. | J36: Sí / No | L36: 3M (Trimestral) | M36: Complementària | N36: Preventiva | O36: Recomendada | P36: Equip Intern Electricitat | Q36: 90 | R36: =Inventari!C11 -> 335 | T36: =Q36*R36 -> 30150 | U36: 4 | V36: =T36*U36 -> 120600 | W36: ='Tipus-de-Recurs-assignat'!B46 -> 35 | X36: =(V36/3600)*W36 -> 1172.5
A37: Revisió | B37: BT-ILE-003 | C37: Il·luminació d'emergència i senyalització 3M | D37: Baixa Tensió | E37: E-016 | F37: Il·luminació d'emergència i senyalització | G37: BT-ILE-001.001 | H37: BT-ILE-001.001.002 | I37: Comprovació del funcionament correcte del pilot de senyalització. | J37: Sí / No | L37: 3M (Trimestral) | M37: Complementària | N37: Preventiva | O37: Recomendada | P37: Equip Intern Electricitat | Q37: 90 | R37: =Inventari!C11 -> 335 | T37: =Q37*R37 -> 30150 | U37: 4 | V37: =T37*U37 -> 120600 | W37: ='Tipus-de-Recurs-assignat'!B46 -> 35 | X37: =(V37/3600)*W37 -> 1172.5
A38: Revisió | B38: BT-ILE-003 | C38: Il·luminació d'emergència i senyalització 3M | D38: Baixa Tensió | E38: E-016 | F38: Il·luminació d'emergència i senyalització | G38: BT-ILE-001.001 | H38: BT-ILE-001.001.002 | I38: Comprovar l'encesa correcta dels autònoms d'emergència, fer un tall de l'energia elèctrica i verificar la no disminució de la intensitat de llum durant 60 minuts. | J38: Sí / No | L38: 3M (Trimestral) | M38: Complementària | N38: Preventiva | O38: Recomendada | P38: Equip Intern Electricitat | Q38: 90 | R38: =Inventari!C11 -> 335 | T38: =Q38*R38 -> 30150 | U38: 4 | V38: =T38*U38 -> 120600 | W38: ='Tipus-de-Recurs-assignat'!B46 -> 35 | X38: =(V38/3600)*W38 -> 1172.5 | Y38: =X36+X37+X38 -> 3517.5 | Z38: =X36+X37+X38 -> 3517.5
A39: Revisió | B39: BT-PRY-001 | C39: Parallamps A | D39: Baixa Tensió | E39: E-017 | F39: Parallamps | G39: BT-PY-001.001 | H39: BT-PY-001.001.001 | I39: Verificació de caracterització del captador/s, la seva ubicació així com les observacions que s'apreciïn per la seva inspecció visual. | J39: Sí / No | L39: A (Anual) | M39: Complementària | N39: Preventiva | O39: Recomendada | P39: Empresa Especialista Parallamps | Q39: 3600 | R39: =Inventari!C12 -> 1 | T39: =Q39*R39 -> 3600 | U39: 1 | V39: =T39*U39 -> 3600 | W39: ='Tipus-de-Recurs-assignat'!B17 -> 75 | X39: =(V39/3600)*W39 -> 75
A40: Revisió | B40: BT-PRY-001 | C40: Parallamps A | D40: Baixa Tensió | E40: E-017 | F40: Parallamps | G40: BT-PY-001.001 | H40: BT-PY-001.001.002 | I40: Comprovació de l'estat de conservació del pal del sistema de captació, ancoratge i connexió a la xarxa conductora. | J40: Sí / No | L40: A (Anual) | M40: Complementària | N40: Preventiva | O40: Recomendada | P40: Empresa Especialista Parallamps | Q40: 3600 | R40: =Inventari!C12 -> 1 | T40: =Q40*R40 -> 3600 | U40: 1 | V40: =T40*U40 -> 3600 | W40: ='Tipus-de-Recurs-assignat'!B17 -> 75 | X40: =(V40/3600)*W40 -> 75
A41: Revisió | B41: BT-PRY-001 | C41: Parallamps A | D41: Baixa Tensió | E41: E-017 | F41: Parallamps | G41: BT-PY-001.001 | H41: BT-PY-001.001.003 | I41: Realitzar un examen de la xarxa conductora, des del sistema de captació fins a la posada a terra incloent la revisió de: nombre de baixants, fixació mecànica dels diferents elements del baixant, naturalesa i dimensions dels materials, trajectòria, emplaçament, tensat i continuïtat elèctrica dels conductors de baixada, radis de curvatura i pendents de les mateixes | J41: Sí / No | L41: A (Anual) | M41: Complementària | N41: Preventiva | O41: Recomendada | P41: Empresa Especialista Parallamps | Q41: 2800 | R41: =Inventari!C12 -> 1 | T41: =Q41*R41 -> 2800 | U41: 1 | V41: =T41*U41 -> 2800 | W41: ='Tipus-de-Recurs-assignat'!B17 -> 75 | X41: =(V41/3600)*W41 -> 58.333333
A42: Revisió | B42: BT-PRY-001 | C42: Parallamps A | D42: Baixa Tensió | E42: E-017 | F42: Parallamps | G42: BT-PY-001.001 | H42: BT-PY-001.001.004 | I42: Mesurament de la resistència de la posada a terra, tant connectada com separada de la resta de la instal·lació. | J42: Valor | K42: Ω | L42: A (Anual) | M42: Complementària | N42: Preventiva | O42: Recomendada | P42: Empresa Especialista Parallamps | Q42: 2800 | R42: =Inventari!C12 -> 1 | T42: =Q42*R42 -> 2800 | U42: 1 | V42: =T42*U42 -> 2800 | W42: ='Tipus-de-Recurs-assignat'!B17 -> 75 | X42: =(V42/3600)*W42 -> 58.333333
A43: Revisió | B43: BT-PRY-001 | C43: Parallamps A | D43: Baixa Tensió | E43: E-017 | F43: Parallamps | G43: BT-PY-001.001 | H43: BT-PY-001.001.005 | I43: Es comprovarà que els valors de resistència obtinguts s'ajustin al Reglament de Baixa Tensió ia les normes UNE-EN 62.305, UNE 21.186:1996/1M:2009 i Codi Tècnic de l'Edificació SUA08. | J43: Sí / No | L43: A (Anual) | M43: Complementària | N43: Preventiva | O43: Recomendada | P43: Empresa Especialista Parallamps | Q43: 2800 | R43: =Inventari!C12 -> 1 | T43: =Q43*R43 -> 2800 | U43: 1 | V43: =T43*U43 -> 2800 | W43: ='Tipus-de-Recurs-assignat'!B17 -> 75 | X43: =(V43/3600)*W43 -> 58.333333 | Y43: =X39+X40+X41+X42+X43 -> 325 | Z43: =X39+X40+X41+X42+X43 -> 325
A44: Revisió | B44: BT-RBT-107 | C44: Baixa Tensió Catalunya A | D44: Baixa Tensió | E44: E-001 | F44: Safates, canalitzacions i mecanismes elèctrics de baixa tensió | G44: BT-BC-001.001 | H44: BT-BC-001.001.001 | I44: Netejar els interruptors i els endolls. | J44: Sí / No | L44: A (Anual) | M44: Complementària | N44: Preventiva | O44: Recomendada | P44: Empresa Homologada Baixa Tensió | Q44: 1800 | R44: =Inventari!C4 -> 1 | T44: =Q44*R44 -> 1800 | U44: 1 | V44: =T44*U44 -> 1800 | W44: ='Tipus-de-Recurs-assignat'!B15 -> 60 | X44: =(V44/3600)*W44 -> 30
A45: Revisió | B45: BT-RBT-107 | C45: Baixa Tensió Catalunya A | D45: Baixa Tensió | E45: E-001 | F45: Safates, canalitzacions i mecanismes elèctrics de baixa tensió | G45: BT-BC-001.001 | H45: BT-BC-001.001.002 | I45: Verificar el funcionament dels interruptors. | J45: Sí / No | L45: A (Anual) | M45: Complementària | N45: Preventiva | O45: Recomendada | P45: Empresa Homologada Baixa Tensió | Q45: 1800 | R45: =Inventari!C4 -> 1 | T45: =Q45*R45 -> 1800 | U45: 1 | V45: =T45*U45 -> 1800 | W45: ='Tipus-de-Recurs-assignat'!B15 -> 60 | X45: =(V45/3600)*W45 -> 30
A46: Revisió | B46: BT-RBT-107 | C46: Baixa Tensió Catalunya A | D46: Baixa Tensió | E46: E-001 | F46: Safates, canalitzacions i mecanismes elèctrics de baixa tensió | G46: BT-BC-001.001 | H46: BT-BC-001.001.003 | I46: Comprovar la tensió entre els pols dels endolls i pel que fa a terra. | J46: Sí / No | L46: A (Anual) | M46: Complementària | N46: Preventiva | O46: Recomendada | P46: Empresa Homologada Baixa Tensió | Q46: 1800 | R46: =Inventari!C4 -> 1 | T46: =Q46*R46 -> 1800 | U46: 1 | V46: =T46*U46 -> 1800 | W46: ='Tipus-de-Recurs-assignat'!B15 -> 60 | X46: =(V46/3600)*W46 -> 30
A47: Revisió | B47: BT-RBT-107 | C47: Baixa Tensió Catalunya A | D47: Baixa Tensió | E47: E-001 | F47: Safates, canalitzacions i mecanismes elèctrics de baixa tensió | G47: BT-BC-001.001 | H47: BT-BC-001.001.004 | I47: Comprovar la continuïtat pel que fa a terra de les safates portacables, tub metàl·lic i caixes de derivació de la instal·lació d'electricitat. | J47: Sí / No | L47: A (Anual) | M47: Complementària | N47: Preventiva | O47: Recomendada | P47: Empresa Homologada Baixa Tensió | Q47: 1800 | R47: =Inventari!C4 -> 1 | T47: =Q47*R47 -> 1800 | U47: 1 | V47: =T47*U47 -> 1800 | W47: ='Tipus-de-Recurs-assignat'!B15 -> 60 | X47: =(V47/3600)*W47 -> 30 | Y47: =X44+X45+X46+X47 -> 120
A48: Revisió | B48: BT-RBT-107 | C48: Baixa Tensió Catalunya A | D48: Baixa Tensió | E48: E-003 | F48: Bateria de condensadors dinàmica | G48: BT-BN-002.003 | H48: BT-BN-002.003.001 | I48: Verificar la posada a terra i la continuïtat a tot el xassís. | J48: Sí / No | L48: A (Anual) | M48: Complementària | N48: Preventiva | O48: Recomendada | P48: Empresa Homologada Baixa Tensió | Q48: 540 | R48: =Inventari!C5 -> 1 | T48: =Q48*R48 -> 540 | U48: 1 | V48: =T48*U48 -> 540 | W48: ='Tipus-de-Recurs-assignat'!B15 -> 60 | X48: =(V48/3600)*W48 -> 9
A49: Revisió | B49: BT-RBT-107 | C49: Baixa Tensió Catalunya A | D49: Baixa Tensió | E49: E-003 | F49: Bateria de condensadors dinàmica | G49: BT-BN-002.003 | H49: BT-BN-002.003.002 | I49: Inspeccionar el correcte estat de la pintura. | J49: Sí / No | L49: A (Anual) | M49: Complementària | N49: Preventiva | O49: Recomendada | P49: Empresa Homologada Baixa Tensió | Q49: 540 | R49: =Inventari!C5 -> 1 | T49: =Q49*R49 -> 540 | U49: 1 | V49: =T49*U49 -> 540 | W49: ='Tipus-de-Recurs-assignat'!B15 -> 60 | X49: =(V49/3600)*W49 -> 9
A50: Revisió | B50: BT-RBT-107 | C50: Baixa Tensió Catalunya A | D50: Baixa Tensió | E50: E-003 | F50: Bateria de condensadors dinàmica | G50: BT-BN-002.003 | H50: BT-BN-002.003.003 | I50: Neteja interior amb aire de pressió. | J50: Sí / No | L50: A (Anual) | M50: Complementària | N50: Preventiva | O50: Recomendada | P50: Empresa Homologada Baixa Tensió | Q50: 540 | R50: =Inventari!C5 -> 1 | T50: =Q50*R50 -> 540 | U50: 1 | V50: =T50*U50 -> 540 | W50: ='Tipus-de-Recurs-assignat'!B15 -> 60 | X50: =(V50/3600)*W50 -> 9
A51: Revisió | B51: BT-RBT-107 | C51: Baixa Tensió Catalunya A | D51: Baixa Tensió | E51: E-003 | F51: Bateria de condensadors dinàmica | G51: BT-BN-002.003 | H51: BT-BN-002.003.004 | I51: Verificar els paràmetres de regulació. | J51: Sí / No | L51: A (Anual) | M51: Complementària | N51: Preventiva | O51: Recomendada | P51: Empresa Homologada Baixa Tensió | Q51: 540 | R51: =Inventari!C5 -> 1 | T51: =Q51*R51 -> 540 | U51: 1 | V51: =T51*U51 -> 540 | W51: ='Tipus-de-Recurs-assignat'!B15 -> 60 | X51: =(V51/3600)*W51 -> 9
A52: Revisió | B52: BT-RBT-107 | C52: Baixa Tensió Catalunya A | D52: Baixa Tensió | E52: E-003 | F52: Bateria de condensadors dinàmica | G52: BT-BN-002.003 | H52: BT-BN-002.003.005 | I52: Relació cosinus de fi i núm. i tipus de condensadors connectats. | J52: Valor | K52: - | L52: A (Anual) | M52: Complementària | N52: Preventiva | O52: Recomendada | P52: Empresa Homologada Baixa Tensió | Q52: 540 | R52: =Inventari!C5 -> 1 | T52: =Q52*R52 -> 540 | U52: 1 | V52: =T52*U52 -> 540 | W52: ='Tipus-de-Recurs-assignat'!B15 -> 60 | X52: =(V52/3600)*W52 -> 9 | Y52: =X48+X49+X50+X51+X52 -> 45
A53: Revisió | B53: BT-RBT-107 | C53: Baixa Tensió Catalunya A | D53: Baixa Tensió | E53: E-004 | F53: Quadre General de Baixa Tensió | G53: BT-CE-001.004 | H53: BT-CE-001.004.001 | I53: Realitzar Termografia als quadres elèctrics. | J53: Sí / No | L53: A (Anual) | M53: Complementària | N53: Preventiva | O53: Recomendada | P53: Empresa Homologada Baixa Tensió | Q53: 360 | R53: =Inventari!C6 -> 1 | T53: =Q53*R53 -> 360 | U53: 1 | V53: =T53*U53 -> 360 | W53: ='Tipus-de-Recurs-assignat'!B15 -> 60 | X53: =(V53/3600)*W53 -> 6
A54: Revisió | B54: BT-RBT-107 | C54: Baixa Tensió Catalunya A | D54: Baixa Tensió | E54: E-004 | F54: Quadre General de Baixa Tensió | G54: BT-CE-001.004 | H54: BT-CE-001.004.002 | I54: Comprovació de les maniobres dobertura i tancament. | J54: Sí / No | L54: A (Anual) | M54: Complementària | N54: Preventiva | O54: Recomendada | P54: Empresa Homologada Baixa Tensió | Q54: 360 | R54: =Inventari!C6 -> 1 | T54: =Q54*R54 -> 360 | U54: 1 | V54: =T54*U54 -> 360 | W54: ='Tipus-de-Recurs-assignat'!B15 -> 60 | X54: =(V54/3600)*W54 -> 6
A55: Revisió | B55: BT-RBT-107 | C55: Baixa Tensió Catalunya A | D55: Baixa Tensió | E55: E-004 | F55: Quadre General de Baixa Tensió | G55: BT-CE-001.004 | H55: BT-CE-001.004.003 | I55: Comprovació de tots els elements elèctrics i mecànics dels quadres elèctrics, estat dels contactes, ressorts i de les bobines de tancament i tret. | J55: Sí / No | L55: A (Anual) | M55: Complementària | N55: Preventiva | O55: Recomendada | P55: Empresa Homologada Baixa Tensió | Q55: 360 | R55: =Inventari!C6 -> 1 | T55: =Q55*R55 -> 360 | U55: 1 | V55: =T55*U55 -> 360 | W55: ='Tipus-de-Recurs-assignat'!B15 -> 60 | X55: =(V55/3600)*W55 -> 6
A56: Revisió | B56: BT-RBT-107 | C56: Baixa Tensió Catalunya A | D56: Baixa Tensió | E56: E-004 | F56: Quadre General de Baixa Tensió | G56: BT-CE-001.004 | H56: BT-CE-001.004.004 | I56: Neteja i lubricació. | J56: Sí / No | L56: A (Anual) | M56: Complementària | N56: Preventiva | O56: Recomendada | P56: Empresa Homologada Baixa Tensió | Q56: 360 | R56: =Inventari!C6 -> 1 | T56: =Q56*R56 -> 360 | U56: 1 | V56: =T56*U56 -> 360 | W56: ='Tipus-de-Recurs-assignat'!B15 -> 60 | X56: =(V56/3600)*W56 -> 6
A57: Revisió | B57: BT-RBT-107 | C57: Baixa Tensió Catalunya A | D57: Baixa Tensió | E57: E-004 | F57: Quadre General de Baixa Tensió | G57: BT-CE-001.004 | H57: BT-CE-001.004.005 | I57: Comprovació dels dispositius i elements integrants dels sistemes de protecció i control. | J57: Sí / No | L57: A (Anual) | M57: Complementària | N57: Preventiva | O57: Recomendada | P57: Empresa Homologada Baixa Tensió | Q57: 360 | R57: =Inventari!C6 -> 1 | T57: =Q57*R57 -> 360 | U57: 1 | V57: =T57*U57 -> 360 | W57: ='Tipus-de-Recurs-assignat'!B15 -> 60 | X57: =(V57/3600)*W57 -> 6
A58: Revisió | B58: BT-RBT-107 | C58: Baixa Tensió Catalunya A | D58: Baixa Tensió | E58: E-004 | F58: Quadre General de Baixa Tensió | G58: BT-CE-001.004 | H58: BT-CE-001.004.006 | I58: Estat dels quadres metàl·lics, amb comprovació de pintures i oxidacions. | J58: Sí / No | L58: A (Anual) | M58: Complementària | N58: Preventiva | O58: Recomendada | P58: Empresa Homologada Baixa Tensió | Q58: 360 | R58: =Inventari!C6 -> 1 | T58: =Q58*R58 -> 360 | U58: 1 | V58: =T58*U58 -> 360 | W58: ='Tipus-de-Recurs-assignat'!B15 -> 60 | X58: =(V58/3600)*W58 -> 6
A59: Revisió | B59: BT-RBT-107 | C59: Baixa Tensió Catalunya A | D59: Baixa Tensió | E59: E-004 | F59: Quadre General de Baixa Tensió | G59: BT-CE-001.004 | H59: BT-CE-001.004.007 | I59: Comprovació dels enfangats, subjeccions mecàniques, estrenyiment de cargols, empalmaments, terminals i altres elements. | J59: Sí / No | L59: A (Anual) | M59: Complementària | N59: Preventiva | O59: Recomendada | P59: Empresa Homologada Baixa Tensió | Q59: 360 | R59: =Inventari!C6 -> 1 | T59: =Q59*R59 -> 360 | U59: 1 | V59: =T59*U59 -> 360 | W59: ='Tipus-de-Recurs-assignat'!B15 -> 60 | X59: =(V59/3600)*W59 -> 6
A60: Revisió | B60: BT-RBT-107 | C60: Baixa Tensió Catalunya A | D60: Baixa Tensió | E60: E-004 | F60: Quadre General de Baixa Tensió | G60: BT-CE-001.004 | H60: BT-CE-001.004.008 | I60: Comprovació de l'estat general de tancaments mecànics i portes. | J60: Sí / No | L60: A (Anual) | M60: Complementària | N60: Preventiva | O60: Recomendada | P60: Empresa Homologada Baixa Tensió | Q60: 360 | R60: =Inventari!C6 -> 1 | T60: =Q60*R60 -> 360 | U60: 1 | V60: =T60*U60 -> 360 | W60: ='Tipus-de-Recurs-assignat'!B15 -> 60 | X60: =(V60/3600)*W60 -> 6
A61: Revisió | B61: BT-RBT-107 | C61: Baixa Tensió Catalunya A | D61: Baixa Tensió | E61: E-004 | F61: Quadre General de Baixa Tensió | G61: BT-CE-001.004 | H61: BT-CE-001.004.009 | I61: Neteja general. | J61: Sí / No | L61: A (Anual) | M61: Complementària | N61: Preventiva | O61: Recomendada | P61: Empresa Homologada Baixa Tensió | Q61: 360 | R61: =Inventari!C6 -> 1 | T61: =Q61*R61 -> 360 | U61: 1 | V61: =T61*U61 -> 360 | W61: ='Tipus-de-Recurs-assignat'!B15 -> 60 | X61: =(V61/3600)*W61 -> 6
A62: Revisió | B62: BT-RBT-107 | C62: Baixa Tensió Catalunya A | D62: Baixa Tensió | E62: E-004 | F62: Quadre General de Baixa Tensió | G62: BT-CE-001.004 | H62: BT-CE-001.004.010 | I62: Revisió general de bateries de condensadors, verificant-ne l'estat i els paràmetres de funcionament. | J62: Sí / No | L62: A (Anual) | M62: Complementària | N62: Preventiva | O62: Recomendada | P62: Empresa Homologada Baixa Tensió | Q62: 360 | R62: =Inventari!C6 -> 1 | T62: =Q62*R62 -> 360 | U62: 1 | V62: =T62*U62 -> 360 | W62: ='Tipus-de-Recurs-assignat'!B15 -> 60 | X62: =(V62/3600)*W62 -> 6
A63: Revisió | B63: BT-RBT-107 | C63: Baixa Tensió Catalunya A | D63: Baixa Tensió | E63: E-004 | F63: Quadre General de Baixa Tensió | G63: BT-CE-001.004 | H63: BT-CE-001.004.011 | I63: Revisió general de safates de canalitzacions i mecanismes, verificant-ne l'estat i els paràmetres de funcionament. | J63: Sí / No | L63: A (Anual) | M63: Complementària | N63: Preventiva | O63: Recomendada | P63: Empresa Homologada Baixa Tensió | Q63: 360 | R63: =Inventari!C6 -> 1 | T63: =Q63*R63 -> 360 | U63: 1 | V63: =T63*U63 -> 360 | W63: ='Tipus-de-Recurs-assignat'!B15 -> 60 | X63: =(V63/3600)*W63 -> 6 | Y63: =X53+X54+X55+X56+X57+X58+X59+X60+X61+X62+X63 -> 66
A64: Revisió | B64: BT-RBT-107 | C64: Baixa Tensió Catalunya A | D64: Baixa Tensió | E64: E-512 | F64: Punts de Càrrega per Cotxes Elèctrics | G64: BT-CE-002.003 | H64: BT-CE-002.003.001 | I64: Realitzar Termografia als quadres elèctrics. | J64: Sí / No | L64: A (Anual) | M64: Complementària | N64: Preventiva | O64: Recomendada | P64: Empresa Homologada Baixa Tensió | Q64: 150 | R64: =Inventari!C62 -> 1 | T64: =Q64*R64 -> 150 | U64: 1 | V64: =T64*U64 -> 150 | W64: ='Tipus-de-Recurs-assignat'!B15 -> 60 | X64: =(V64/3600)*W64 -> 2.5
A65: Revisió | B65: BT-RBT-107 | C65: Baixa Tensió Catalunya A | D65: Baixa Tensió | E65: E-005 | F65: Quadre elèctric secundari | G65: BT-CE-002.003 | H65: BT-CE-002.003.002 | I65: Realitzar Termografia als quadres elèctrics. | J65: Sí / No | L65: A (Anual) | M65: Complementària | N65: Preventiva | O65: Recomendada | P65: Empresa Homologada Baixa Tensió | Q65: 150 | R65: =Inventari!C7 -> 83 | T65: =Q65*R65 -> 12450 | U65: 1 | V65: =T65*U65 -> 12450 | W65: ='Tipus-de-Recurs-assignat'!B15 -> 60 | X65: =(V65/3600)*W65 -> 207.5
A66: Revisió | B66: BT-RBT-107 | C66: Baixa Tensió Catalunya A | D66: Baixa Tensió | E66: E-512 | F66: Punts de Càrrega per Cotxes Elèctrics | G66: BT-CE-002.003 | H66: BT-CE-002.003.005 | I66: Comprovació de les maniobres dobertura i tancament. | J66: Sí / No | L66: A (Anual) | M66: Complementària | N66: Preventiva | O66: Recomendada | P66: Empresa Homologada Baixa Tensió | Q66: 150 | R66: =Inventari!C62 -> 1 | T66: =Q66*R66 -> 150 | U66: 1 | V66: =T66*U66 -> 150 | W66: ='Tipus-de-Recurs-assignat'!B15 -> 60 | X66: =(V66/3600)*W66 -> 2.5
A67: Revisió | B67: BT-RBT-107 | C67: Baixa Tensió Catalunya A | D67: Baixa Tensió | E67: E-005 | F67: Quadre elèctric secundari | G67: BT-CE-002.003 | H67: BT-CE-002.003.006 | I67: Comprovació de les maniobres dobertura i tancament. | J67: Sí / No | L67: A (Anual) | M67: Complementària | N67: Preventiva | O67: Recomendada | P67: Empresa Homologada Baixa Tensió | Q67: 150 | R67: =Inventari!C7 -> 83 | T67: =Q67*R67 -> 12450 | U67: 1 | V67: =T67*U67 -> 12450 | W67: ='Tipus-de-Recurs-assignat'!B15 -> 60 | X67: =(V67/3600)*W67 -> 207.5
A68: Revisió | B68: BT-RBT-107 | C68: Baixa Tensió Catalunya A | D68: Baixa Tensió | E68: E-512 | F68: Punts de Càrrega per Cotxes Elèctrics | G68: BT-CE-002.003 | H68: BT-CE-002.003.009 | I68: Comprovació de tots els elements elèctrics i mecànics dels quadres elèctrics, estat dels contactes, ressorts i de les bobines de tancament i tret. | J68: Sí / No | L68: A (Anual) | M68: Complementària | N68: Preventiva | O68: Recomendada | P68: Empresa Homologada Baixa Tensió | Q68: 150 | R68: =Inventari!C62 -> 1 | T68: =Q68*R68 -> 150 | U68: 1 | V68: =T68*U68 -> 150 | W68: ='Tipus-de-Recurs-assignat'!B15 -> 60 | X68: =(V68/3600)*W68 -> 2.5
A69: Revisió | B69: BT-RBT-107 | C69: Baixa Tensió Catalunya A | D69: Baixa Tensió | E69: E-005 | F69: Quadre elèctric secundari | G69: BT-CE-002.003 | H69: BT-CE-002.003.010 | I69: Comprovació de tots els elements elèctrics i mecànics dels quadres elèctrics, estat dels contactes, ressorts i de les bobines de tancament i tret. | J69: Sí / No | L69: A (Anual) | M69: Complementària | N69: Preventiva | O69: Recomendada | P69: Empresa Homologada Baixa Tensió | Q69: 150 | R69: =Inventari!C7 -> 83 | T69: =Q69*R69 -> 12450 | U69: 1 | V69: =T69*U69 -> 12450 | W69: ='Tipus-de-Recurs-assignat'!B15 -> 60 | X69: =(V69/3600)*W69 -> 207.5
A70: Revisió | B70: BT-RBT-107 | C70: Baixa Tensió Catalunya A | D70: Baixa Tensió | E70: E-512 | F70: Punts de Càrrega per Cotxes Elèctrics | G70: BT-CE-002.003 | H70: BT-CE-002.003.013 | I70: Neteja i lubricació. | J70: Sí / No | L70: A (Anual) | M70: Complementària | N70: Preventiva | O70: Recomendada | P70: Empresa Homologada Baixa Tensió | Q70: 150 | R70: =Inventari!C62 -> 1 | T70: =Q70*R70 -> 150 | U70: 1 | V70: =T70*U70 -> 150 | W70: ='Tipus-de-Recurs-assignat'!B15 -> 60 | X70: =(V70/3600)*W70 -> 2.5
A71: Revisió | B71: BT-RBT-107 | C71: Baixa Tensió Catalunya A | D71: Baixa Tensió | E71: E-005 | F71: Quadre elèctric secundari | G71: BT-CE-002.003 | H71: BT-CE-002.003.014 | I71: Neteja i lubricació. | J71: Sí / No | L71: A (Anual) | M71: Complementària | N71: Preventiva | O71: Recomendada | P71: Empresa Homologada Baixa Tensió | Q71: 150 | R71: =Inventari!C7 -> 83 | T71: =Q71*R71 -> 12450 | U71: 1 | V71: =T71*U71 -> 12450 | W71: ='Tipus-de-Recurs-assignat'!B15 -> 60 | X71: =(V71/3600)*W71 -> 207.5
A72: Revisió | B72: BT-RBT-107 | C72: Baixa Tensió Catalunya A | D72: Baixa Tensió | E72: E-512 | F72: Punts de Càrrega per Cotxes Elèctrics | G72: BT-CE-002.003 | H72: BT-CE-002.003.017 | I72: Comprovació dels dispositius i elements integrants dels sistemes de protecció i control. | J72: Sí / No | L72: A (Anual) | M72: Complementària | N72: Preventiva | O72: Recomendada | P72: Empresa Homologada Baixa Tensió | Q72: 150 | R72: =Inventari!C62 -> 1 | T72: =Q72*R72 -> 150 | U72: 1 | V72: =T72*U72 -> 150 | W72: ='Tipus-de-Recurs-assignat'!B15 -> 60 | X72: =(V72/3600)*W72 -> 2.5
A73: Revisió | B73: BT-RBT-107 | C73: Baixa Tensió Catalunya A | D73: Baixa Tensió | E73: E-005 | F73: Quadre elèctric secundari | G73: BT-CE-002.003 | H73: BT-CE-002.003.018 | I73: Comprovació dels dispositius i elements integrants dels sistemes de protecció i control. | J73: Sí / No | L73: A (Anual) | M73: Complementària | N73: Preventiva | O73: Recomendada | P73: Empresa Homologada Baixa Tensió | Q73: 150 | R73: =Inventari!C7 -> 83 | T73: =Q73*R73 -> 12450 | U73: 1 | V73: =T73*U73 -> 12450 | W73: ='Tipus-de-Recurs-assignat'!B15 -> 60 | X73: =(V73/3600)*W73 -> 207.5
A74: Revisió | B74: BT-RBT-107 | C74: Baixa Tensió Catalunya A | D74: Baixa Tensió | E74: E-512 | F74: Punts de Càrrega per Cotxes Elèctrics | G74: BT-CE-002.003 | H74: BT-CE-002.003.021 | I74: Estat dels quadres metàl·lics, amb comprovació de pintures i oxidacions. | J74: Sí / No | L74: A (Anual) | M74: Complementària | N74: Preventiva | O74: Recomendada | P74: Empresa Homologada Baixa Tensió | Q74: 150 | R74: =Inventari!C62 -> 1 | T74: =Q74*R74 -> 150 | U74: 1 | V74: =T74*U74 -> 150 | W74: ='Tipus-de-Recurs-assignat'!B15 -> 60 | X74: =(V74/3600)*W74 -> 2.5
A75: Revisió | B75: BT-RBT-107 | C75: Baixa Tensió Catalunya A | D75: Baixa Tensió | E75: E-005 | F75: Quadre elèctric secundari | G75: BT-CE-002.003 | H75: BT-CE-002.003.022 | I75: Estat dels quadres metàl·lics, amb comprovació de pintures i oxidacions. | J75: Sí / No | L75: A (Anual) | M75: Complementària | N75: Preventiva | O75: Recomendada | P75: Empresa Homologada Baixa Tensió | Q75: 150 | R75: =Inventari!C7 -> 83 | T75: =Q75*R75 -> 12450 | U75: 1 | V75: =T75*U75 -> 12450 | W75: ='Tipus-de-Recurs-assignat'!B15 -> 60 | X75: =(V75/3600)*W75 -> 207.5
A76: Revisió | B76: BT-RBT-107 | C76: Baixa Tensió Catalunya A | D76: Baixa Tensió | E76: E-512 | F76: Punts de Càrrega per Cotxes Elèctrics | G76: BT-CE-002.003 | H76: BT-CE-002.003.025 | I76: Comprovació dels enfangats, subjeccions mecàniques, estrenyiment de cargols, empalmaments, terminals i altres elements. | J76: Sí / No | L76: A (Anual) | M76: Complementària | N76: Preventiva | O76: Recomendada | P76: Empresa Homologada Baixa Tensió | Q76: 150 | R76: =Inventari!C62 -> 1 | T76: =Q76*R76 -> 150 | U76: 1 | V76: =T76*U76 -> 150 | W76: ='Tipus-de-Recurs-assignat'!B15 -> 60 | X76: =(V76/3600)*W76 -> 2.5
A77: Revisió | B77: BT-RBT-107 | C77: Baixa Tensió Catalunya A | D77: Baixa Tensió | E77: E-005 | F77: Quadre elèctric secundari | G77: BT-CE-002.003 | H77: BT-CE-002.003.026 | I77: Comprovació dels enfangats, subjeccions mecàniques, estrenyiment de cargols, empalmaments, terminals i altres elements. | J77: Sí / No | L77: A (Anual) | M77: Complementària | N77: Preventiva | O77: Recomendada | P77: Empresa Homologada Baixa Tensió | Q77: 150 | R77: =Inventari!C7 -> 83 | T77: =Q77*R77 -> 12450 | U77: 1 | V77: =T77*U77 -> 12450 | W77: ='Tipus-de-Recurs-assignat'!B15 -> 60 | X77: =(V77/3600)*W77 -> 207.5
A78: Revisió | B78: BT-RBT-107 | C78: Baixa Tensió Catalunya A | D78: Baixa Tensió | E78: E-512 | F78: Punts de Càrrega per Cotxes Elèctrics | G78: BT-CE-002.003 | H78: BT-CE-002.003.029 | I78: Comprovació de l'estat general de tancaments mecànics i portes. | J78: Sí / No | L78: A (Anual) | M78: Complementària | N78: Preventiva | O78: Recomendada | P78: Empresa Homologada Baixa Tensió | Q78: 150 | R78: =Inventari!C62 -> 1 | T78: =Q78*R78 -> 150 | U78: 1 | V78: =T78*U78 -> 150 | W78: ='Tipus-de-Recurs-assignat'!B15 -> 60 | X78: =(V78/3600)*W78 -> 2.5
A79: Revisió | B79: BT-RBT-107 | C79: Baixa Tensió Catalunya A | D79: Baixa Tensió | E79: E-005 | F79: Quadre elèctric secundari | G79: BT-CE-002.003 | H79: BT-CE-002.003.030 | I79: Comprovació de l'estat general de tancaments mecànics i portes. | J79: Sí / No | L79: A (Anual) | M79: Complementària | N79: Preventiva | O79: Recomendada | P79: Empresa Homologada Baixa Tensió | Q79: 150 | R79: =Inventari!C7 -> 83 | T79: =Q79*R79 -> 12450 | U79: 1 | V79: =T79*U79 -> 12450 | W79: ='Tipus-de-Recurs-assignat'!B15 -> 60 | X79: =(V79/3600)*W79 -> 207.5
A80: Revisió | B80: BT-RBT-107 | C80: Baixa Tensió Catalunya A | D80: Baixa Tensió | E80: E-512 | F80: Punts de Càrrega per Cotxes Elèctrics | G80: BT-CE-002.003 | H80: BT-CE-002.003.033 | I80: Neteja general. | J80: Sí / No | L80: A (Anual) | M80: Complementària | N80: Preventiva | O80: Recomendada | P80: Empresa Homologada Baixa Tensió | Q80: 150 | R80: =Inventari!C62 -> 1 | T80: =Q80*R80 -> 150 | U80: 1 | V80: =T80*U80 -> 150 | W80: ='Tipus-de-Recurs-assignat'!B15 -> 60 | X80: =(V80/3600)*W80 -> 2.5 | Y80: =X64+X66+X68+X70+X72+X74+X76+X78+X80 -> 22.5
A81: Revisió | B81: BT-RBT-107 | C81: Baixa Tensió Catalunya A | D81: Baixa Tensió | E81: E-005 | F81: Quadre elèctric secundari | G81: BT-CE-002.003 | H81: BT-CE-002.003.034 | I81: Neteja general. | J81: Sí / No | L81: A (Anual) | M81: Complementària | N81: Preventiva | O81: Recomendada | P81: Empresa Homologada Baixa Tensió | Q81: 150 | R81: =Inventari!C7 -> 83 | T81: =Q81*R81 -> 12450 | U81: 1 | V81: =T81*U81 -> 12450 | W81: ='Tipus-de-Recurs-assignat'!B15 -> 60 | X81: =(V81/3600)*W81 -> 207.5 | Y81: =X65+X67+X69+X71+X73+X75+X77+X79+X81 -> 1867.5
A82: Revisió | B82: BT-RBT-107 | C82: Baixa Tensió Catalunya A | D82: Baixa Tensió | E82: E-006 | F82: Dipòsit de gasoil aeri (Amb Projecte) | G82: BT-DG-001.001 | H82: BT-DG-001.001.001 | I82: Realitzar una neteja general. | J82: Sí / No | L82: A (Anual) | M82: Complementària | N82: Preventiva | O82: Recomendada | P82: Empresa Homologada Baixa Tensió | Q82: 450 | R82: =Inventari!C8 -> 1 | T82: =Q82*R82 -> 450 | U82: 1 | V82: =T82*U82 -> 450 | W82: ='Tipus-de-Recurs-assignat'!B15 -> 60 | X82: =(V82/3600)*W82 -> 7.5
A83: Revisió | B83: BT-RBT-107 | C83: Baixa Tensió Catalunya A | D83: Baixa Tensió | E83: E-006 | F83: Dipòsit de gasoil aeri (Amb Projecte) | G83: BT-DG-001.001 | H83: BT-DG-001.001.002 | I83: Comprovar el nivell de gasoil als dipòsits de subministrament i el funcionament de l'equip de mesura. | J83: Sí / No | L83: A (Anual) | M83: Complementària | N83: Preventiva | O83: Recomendada | P83: Empresa Homologada Baixa Tensió | Q83: 450 | R83: =Inventari!C8 -> 1 | T83: =Q83*R83 -> 450 | U83: 1 | V83: =T83*U83 -> 450 | W83: ='Tipus-de-Recurs-assignat'!B15 -> 60 | X83: =(V83/3600)*W83 -> 7.5
A84: Revisió | B84: BT-RBT-107 | C84: Baixa Tensió Catalunya A | D84: Baixa Tensió | E84: E-006 | F84: Dipòsit de gasoil aeri (Amb Projecte) | G84: BT-DG-001.001 | H84: BT-DG-001.001.003 | I84: Comprovar el funcionament de les bombes de combustible. | J84: Sí / No | L84: A (Anual) | M84: Complementària | N84: Preventiva | O84: Recomendada | P84: Empresa Homologada Baixa Tensió | Q84: 450 | R84: =Inventari!C8 -> 1 | T84: =Q84*R84 -> 450 | U84: 1 | V84: =T84*U84 -> 450 | W84: ='Tipus-de-Recurs-assignat'!B15 -> 60 | X84: =(V84/3600)*W84 -> 7.5
A85: Revisió | B85: BT-RBT-107 | C85: Baixa Tensió Catalunya A | D85: Baixa Tensió | E85: E-006 | F85: Dipòsit de gasoil aeri (Amb Projecte) | G85: BT-DG-001.001 | H85: BT-DG-001.001.004 | I85: Verifiqueu la purga d'aigua. | J85: Sí / No | L85: A (Anual) | M85: Complementària | N85: Preventiva | O85: Recomendada | P85: Empresa Homologada Baixa Tensió | Q85: 450 | R85: =Inventari!C8 -> 1 | T85: =Q85*R85 -> 450 | U85: 1 | V85: =T85*U85 -> 450 | W85: ='Tipus-de-Recurs-assignat'!B15 -> 60 | X85: =(V85/3600)*W85 -> 7.5
A86: Revisió | B86: BT-RBT-107 | C86: Baixa Tensió Catalunya A | D86: Baixa Tensió | E86: E-006 | F86: Dipòsit de gasoil aeri (Amb Projecte) | G86: BT-DG-001.001 | H86: BT-DG-001.001.005 | I86: Netejar els filtres de les bombes. | J86: Sí / No | L86: A (Anual) | M86: Complementària | N86: Preventiva | O86: Recomendada | P86: Empresa Homologada Baixa Tensió | Q86: 450 | R86: =Inventari!C8 -> 1 | T86: =Q86*R86 -> 450 | U86: 1 | V86: =T86*U86 -> 450 | W86: ='Tipus-de-Recurs-assignat'!B15 -> 60 | X86: =(V86/3600)*W86 -> 7.5
A87: Revisió | B87: BT-RBT-107 | C87: Baixa Tensió Catalunya A | D87: Baixa Tensió | E87: E-006 | F87: Dipòsit de gasoil aeri (Amb Projecte) | G87: BT-DG-001.001 | H87: BT-DG-001.001.006 | I87: Comprovar el funcionament correcte de les vàlvules de tancament ràpid, de retenció i de seguretat. | J87: Sí / No | L87: A (Anual) | M87: Complementària | N87: Preventiva | O87: Recomendada | P87: Empresa Homologada Baixa Tensió | Q87: 450 | R87: =Inventari!C8 -> 1 | T87: =Q87*R87 -> 450 | U87: 1 | V87: =T87*U87 -> 450 | W87: ='Tipus-de-Recurs-assignat'!B15 -> 60 | X87: =(V87/3600)*W87 -> 7.5
A88: Revisió | B88: BT-RBT-107 | C88: Baixa Tensió Catalunya A | D88: Baixa Tensió | E88: E-006 | F88: Dipòsit de gasoil aeri (Amb Projecte) | G88: BT-DG-001.001 | H88: BT-DG-001.001.007 | I88: Reviseu les canalitzacions, netejant i reparant els trams en mal estat. | J88: Sí / No | L88: A (Anual) | M88: Complementària | N88: Preventiva | O88: Recomendada | P88: Empresa Homologada Baixa Tensió | Q88: 450 | R88: =Inventari!C8 -> 1 | T88: =Q88*R88 -> 450 | U88: 1 | V88: =T88*U88 -> 450 | W88: ='Tipus-de-Recurs-assignat'!B15 -> 60 | X88: =(V88/3600)*W88 -> 7.5
A89: Revisió | B89: BT-RBT-107 | C89: Baixa Tensió Catalunya A | D89: Baixa Tensió | E89: E-006 | F89: Dipòsit de gasoil aeri (Amb Projecte) | G89: BT-DG-001.001 | H89: BT-DG-001.001.008 | I89: Greixar la moto bomba del grup de pressió, netejar el filtre i comprovar l'estanquitat de les unions. | J89: Sí / No | L89: A (Anual) | M89: Complementària | N89: Preventiva | O89: Recomendada | P89: Empresa Homologada Baixa Tensió | Q89: 450 | R89: =Inventari!C8 -> 1 | T89: =Q89*R89 -> 450 | U89: 1 | V89: =T89*U89 -> 450 | W89: ='Tipus-de-Recurs-assignat'!B15 -> 60 | X89: =(V89/3600)*W89 -> 7.5 | Y89: =X82+X83+X84+X85+X86+X87+X88+X89 -> 60
A90: Revisió | B90: BT-RBT-107 | C90: Baixa Tensió Catalunya A | D90: Baixa Tensió | E90: E-013 | F90: Iluminación | G90: BT-IL-001.001 | H90: BT-IL-001.001.001 | I90: Neteja a fons de tots els elements. | J90: Sí / No | L90: A (Anual) | M90: Complementària | N90: Preventiva | O90: Recomendada | P90: Empresa Homologada Baixa Tensió | Q90: 0.5 | R90: =Inventari!C10 -> 2154 | T90: =Q90*R90 -> 1077 | U90: 1 | V90: =T90*U90 -> 1077 | W90: ='Tipus-de-Recurs-assignat'!B15 -> 60 | X90: =(V90/3600)*W90 -> 17.95
A91: Revisió | B91: BT-RBT-107 | C91: Baixa Tensió Catalunya A | D91: Baixa Tensió | E91: E-013 | F91: Iluminación | G91: BT-IL-001.001 | H91: BT-IL-001.001.002 | I91: Verificació de cablejat, connexions elèctriques i accessoris com ara encebadors, transformadors, preses de terra etc. | J91: Sí / No | L91: A (Anual) | M91: Complementària | N91: Preventiva | O91: Recomendada | P91: Empresa Homologada Baixa Tensió | Q91: 0.5 | R91: =Inventari!C10 -> 2154 | T91: =Q91*R91 -> 1077 | U91: 1 | V91: =T91*U91 -> 1077 | W91: ='Tipus-de-Recurs-assignat'!B15 -> 60 | X91: =(V91/3600)*W91 -> 17.95
A92: Revisió | B92: BT-RBT-107 | C92: Baixa Tensió Catalunya A | D92: Baixa Tensió | E92: E-013 | F92: Iluminación | G92: BT-IL-001.001 | H92: BT-IL-001.001.003 | I92: Inspeccionar l'estat de les fixacions, làmpades i lluminàries. | J92: Sí / No | L92: A (Anual) | M92: Complementària | N92: Preventiva | O92: Recomendada | P92: Empresa Homologada Baixa Tensió | Q92: 0.5 | R92: =Inventari!C10 -> 2154 | T92: =Q92*R92 -> 1077 | U92: 1 | V92: =T92*U92 -> 1077 | W92: ='Tipus-de-Recurs-assignat'!B15 -> 60 | X92: =(V92/3600)*W92 -> 17.95
A93: Revisió | B93: BT-RBT-107 | C93: Baixa Tensió Catalunya A | D93: Baixa Tensió | E93: E-013 | F93: Iluminación | G93: BT-IL-001.001 | H93: BT-IL-001.001.004 | I93: Per a aquells elements que disposin de transformadors, comprovar-ne el funcionament. | J93: Sí / No | L93: A (Anual) | M93: Complementària | N93: Preventiva | O93: Recomendada | P93: Empresa Homologada Baixa Tensió | Q93: 0.5 | R93: =Inventari!C10 -> 2154 | T93: =Q93*R93 -> 1077 | U93: 1 | V93: =T93*U93 -> 1077 | W93: ='Tipus-de-Recurs-assignat'!B15 -> 60 | X93: =(V93/3600)*W93 -> 17.95 | Y93: =X90+X91+X92+X93 -> 71.8
A94: Revisió | B94: BT-RBT-107 | C94: Baixa Tensió Catalunya A | D94: Baixa Tensió | E94: E-016 | F94: Il·luminació d'emergència i senyalització | G94: BT-ILE-001.001 | H94: BT-ILE-001.001.001 | I94: Neteja a fons tot l'element. | J94: Sí / No | L94: A (Anual) | M94: Complementària | N94: Preventiva | O94: Recomendada | P94: Empresa Homologada Baixa Tensió | Q94: 30 | R94: =Inventari!C11 -> 335 | T94: =Q94*R94 -> 10050 | U94: 1 | V94: =T94*U94 -> 10050 | W94: ='Tipus-de-Recurs-assignat'!B15 -> 60 | X94: =(V94/3600)*W94 -> 167.5
A95: Revisió | B95: BT-RBT-107 | C95: Baixa Tensió Catalunya A | D95: Baixa Tensió | E95: E-016 | F95: Il·luminació d'emergència i senyalització | G95: BT-ILE-001.001 | H95: BT-ILE-001.001.002 | I95: Comprovació d'estat de fixacions, connexions elèctriques i terra. | J95: Sí / No | L95: A (Anual) | M95: Complementària | N95: Preventiva | O95: Recomendada | P95: Empresa Homologada Baixa Tensió | Q95: 30 | R95: =Inventari!C11 -> 335 | T95: =Q95*R95 -> 10050 | U95: 1 | V95: =T95*U95 -> 10050 | W95: ='Tipus-de-Recurs-assignat'!B15 -> 60 | X95: =(V95/3600)*W95 -> 167.5
A96: Revisió | B96: BT-RBT-107 | C96: Baixa Tensió Catalunya A | D96: Baixa Tensió | E96: E-016 | F96: Il·luminació d'emergència i senyalització | G96: BT-ILE-001.001 | H96: BT-ILE-001.001.003 | I96: Comprovació de funcionament dels autònoms d'emergència encenent-los durant un mínim de 30 minuts. | J96: Sí / No | L96: A (Anual) | M96: Complementària | N96: Preventiva | O96: Recomendada | P96: Empresa Homologada Baixa Tensió | Q96: 30 | R96: =Inventari!C11 -> 335 | T96: =Q96*R96 -> 10050 | U96: 1 | V96: =T96*U96 -> 10050 | W96: ='Tipus-de-Recurs-assignat'!B15 -> 60 | X96: =(V96/3600)*W96 -> 167.5 | Y96: =X94+X95+X96 -> 502.5
A97: Revisió | B97: BT-RBT-107 | C97: Baixa Tensió Catalunya A | D97: Baixa Tensió | E97: E-405 | F97: Presa de terra | G97: BT-TTR-001.001 | H97: BT-TTR-001.001.001 | I97: Personal tècnicament competent efectuarà la comprovació de la instal·lació de posada a terra, almenys anualment, a l'època en què el terreny estigui més sec. Per fer-ho, es mesurarà la resistència de terra, i es repararan amb caràcter urgent els defectes que es trobin. Als llocs on el terreny no sigui favorable a la bona conservació dels elèctrodes, aquests i els conductors d'enllaç entre ells fins al punt de posada a terra, s'han de posar al descobert per al seu examen, almenys una vegada cada cinc anys. | J97: Sí / No | L97: A (Anual) | M97: Complementària | N97: Preventiva | O97: Recomendada | P97: Empresa Homologada Baixa Tensió | Q97: 3600 | R97: =Inventari!C60 -> 1 | T97: =Q97*R97 -> 3600 | U97: 1 | V97: =T97*U97 -> 3600 | W97: ='Tipus-de-Recurs-assignat'!B15 -> 60 | X97: =(V97/3600)*W97 -> 60 | Y97: =X97 -> 60 | Z97: =X44+X45+X46+X47+X48+X49+X50+X51+X52+X53+X54+X55+X56+X57+X58+X59+X60+X61+X62+X63+X64+X65+X66+X67+X68+X69+X70+X71+X72+X73+X74+X75+X76+X77+X78+X79+X80+X81+X82+X83+X84+X85+X86+X87+X88+X89+X90+X91+X92+X93+X94+X95+X96+X97 -> 2815.3
A98: Revisió | B98: BT-SAI-001 | C98: Sistema d'alimentació ininterrompuda (SAI) A | D98: Sistemes d'Alimentació Elèctrica Ininterrompuda | E98: E-018 | F98: Sistema d'Alimentació Ininterrompuda | G98: BT-SAI-001.002 | H98: BT-SAI-001.002.001 | I98: Control dels elements mecànics dels equips: Inspeccionar els cables dels conductors, els transformadors i les bobines. | J98: Sí / No | L98: A (Anual) | M98: Complementària | N98: Preventiva | O98: Recomendada | P98: SAT | Q98: 1200 | R98: =Inventari!C13 -> 2 | T98: =Q98*R98 -> 2400 | U98: 1 | V98: =T98*U98 -> 2400 | W98: ='Tipus-de-Recurs-assignat'!B42 -> 90 | X98: =(V98/3600)*W98 -> 60
A99: Revisió | B99: BT-SAI-001 | C99: Sistema d'alimentació ininterrompuda (SAI) A | D99: Sistemes d'Alimentació Elèctrica Ininterrompuda | E99: E-018 | F99: Sistema d'Alimentació Ininterrompuda | G99: BT-SAI-001.002 | H99: BT-SAI-001.002.002 | I99: Controlar la temperatura de l'equip i el local. | J99: Sí / No | L99: A (Anual) | M99: Complementària | N99: Preventiva | O99: Recomendada | P99: SAT | Q99: 1200 | R99: =Inventari!C13 -> 2 | T99: =Q99*R99 -> 2400 | U99: 1 | V99: =T99*U99 -> 2400 | W99: ='Tipus-de-Recurs-assignat'!B42 -> 90 | X99: =(V99/3600)*W99 -> 60
A100: Revisió | B100: BT-SAI-001 | C100: Sistema d'alimentació ininterrompuda (SAI) A | D100: Sistemes d'Alimentació Elèctrica Ininterrompuda | E100: E-018 | F100: Sistema d'Alimentació Ininterrompuda | G100: BT-SAI-001.002 | H100: BT-SAI-001.002.003 | I100: Netejar l'electrònica de potència. | J100: Sí / No | L100: A (Anual) | M100: Complementària | N100: Preventiva | O100: Recomendada | P100: SAT | Q100: 1200 | R100: =Inventari!C13 -> 2 | T100: =Q100*R100 -> 2400 | U100: 1 | V100: =T100*U100 -> 2400 | W100: ='Tipus-de-Recurs-assignat'!B42 -> 90 | X100: =(V100/3600)*W100 -> 60
A101: Revisió | B101: BT-SAI-001 | C101: Sistema d'alimentació ininterrompuda (SAI) A | D101: Sistemes d'Alimentació Elèctrica Ininterrompuda | E101: E-018 | F101: Sistema d'Alimentació Ininterrompuda | G101: BT-SAI-001.002 | H101: BT-SAI-001.002.004 | I101: Comprovar els elements del rectificador/carregador: Reglatge de la tensió de la bateria, limitació del corrent de la bateria, funcionament correcte dels ventiladors, control dels condensadors de continua. | J101: Sí / No | L101: A (Anual) | M101: Complementària | N101: Preventiva | O101: Recomendada | P101: SAT | Q101: 1200 | R101: =Inventari!C13 -> 2 | T101: =Q101*R101 -> 2400 | U101: 1 | V101: =T101*U101 -> 2400 | W101: ='Tipus-de-Recurs-assignat'!B42 -> 90 | X101: =(V101/3600)*W101 -> 60
...

Sheet Inventari
A2: Inventari
A3: Código estándar | B3: Nombre estándar / Tipología de zona | C3: Inventario - Unidades | D3: Inventario - m2
A4: E-001 | B4: Safates, canalitzacions i mecanismes elèctrics de baixa tensió | C4: 1
A5: E-003 | B5: Bateria de condensadors dinàmica | C5: 1
A6: E-004 | B6: Quadre General de Baixa Tensió | C6: 1
A7: E-005 | B7: Quadre elèctric secundari | C7: 83
A8: E-006 | B8: Dipòsit de gasoil aeri (Amb Projecte) | C8: 1
A9: E-011 | B9: Grup electrogen dièsel | C9: 2
A10: E-013 | B10: Iluminación | C10: 2154
A11: E-016 | B11: Il·luminació d'emergència i senyalització | C11: 335
A12: E-017 | B12: Parallamps | C12: 1
A13: E-018 | B13: Sistema d'Alimentació Ininterrompuda | C13: 2
A14: E-020 | B14: Aïllament tèrmic de canonades de climatització | C14: 1
A15: E-024 | B15: Dipòsit d'expansió P inst > 70 kW | C15: 5
... A72: E-823 | B72: Prestatgeria Metàl·lica d'Emmagatzematge | C72: 33

Sheet Costos-per-línia
A2: Costos per línia
A3: Ordre Línia | B3: Nombre Línea | C3: Estat | D3: Tipus de recurs assignat | E3: Tiempo Total para todas las unidades y por línea (segundos) | F3: Número de veces al año que se realiza la tarea - (Si la periodicidad es superior a Anual, se realiza el cálculo como si debiese ser realizada este mismo año) | G3: Tiempo Total Anual (segundos) | H3: Tiempo Total Anual (horas) | I3: Coste / Hora (Euros) | J3: Tarea - Coste Total Anual (Euros)
A4: BT-RBT-107 | B4: Baixa Tensió Catalunya A | C4: Activa | D4: Empresa Homologada Baixa Tensió | E4: =Tasques!T11+Tasques!T12+Tasques!T13+Tasques!T14+Tasques!T15+Tasques!T16+Tasques!T17+Tasques!T18+Tasques!T19+Tasques!T20+Tasques!T21+Tasques!T22+Tasques!T23+Tasques!T24+Tasques!T25+Tasques!T26+Tasques!T27+Tasques!T28+Tasques!T29+Tasques!T30+Tasques!T31+Tasques!T32+Tasques!T33+Tasques!T34+Tasques!T35+Tasques!T36+Tasques!T37+Tasques!T38+Tasques!T39+Tasques!T40+Tasques!T41+Tasques!T42+Tasques!T43+Tasques!T44+Tasques!T45+Tasques!T46+Tasques!T47+Tasques!T48+Tasques!T49+Tasques!T50+Tasques!T51+Tasques!T52+Tasques!T53+Tasques!T54+Tasques!T55+Tasques!T56+Tasques!T57+Tasques!T58+Tasques!T59+Tasques!T60+Tasques!T61+Tasques!T62+Tasques!T63+Tasques!T64 -> 198960 | F4: 1 | G4: =E4*F4 -> 198960 | H4: =(G4/3600) -> 55.266667 | I4: ='Tipus-de-Recurs-assignat'!B15 -> 60 | J4: =(G4/3600)*I4 -> 3316
A5: MT-CT-001 | B5: Mitja Tensió. Centres de transformació A | C5: Activa | D5: Empresa Homologada Mitja Tensió | E5: =Tasques!T65+Tasques!T66+Tasques!T67+Tasques!T68+Tasques!T69+Tasques!T70+Tasques!T71+Tasques!T72+Tasques!T73+Tasques!T74+Tasques!T75+Tasques!T76+Tasques!T77+Tasques!T78+Tasques!T79+Tasques!T80+Tasques!T81+Tasques!T82+Tasques!T83+Tasques!T84+Tasques!T85+Tasques!T86+Tasques!T87+Tasques!T88+Tasques!T89+Tasques!T90+Tasques!T91+Tasques!T92+Tasques!T93+Tasques!T94+Tasques!T95+Tasques!T96+Tasques!T97+Tasques!T98+Tasques!T99+Tasques!T100+Tasques!T101+Tasques!T102+Tasques!T103+Tasques!T104+Tasques!T105+Tasques!T106+Tasques!T107+Tasques!T108+Tasques!T109+Tasques!T110+Tasques!T111+Tasques!T112+Tasques!T113+Tasques!T114+Tasques!T115+Tasques!T116+Tasques!T117+Tasques!T118+Tasques!T119+Tasques!T120+Tasques!T121+Tasques!T122+Tasques!T123+Tasques!T124+Tasques!T125+Tasques!T126+Tasques!T127+Tasques!T128+Tasques!T129+Tasques!T130+Tasques!T131+Tasques!T132+Tasques!T133+Tasques!T134+Tasques!T135+Tasques!T136+Tasques!T137+Tasques!T138+Tasques!T139+Tasques!T140+Tasques!T141+Tasques!T142+Tasques!T143+Tasques!T144+Tasques!T145+Tasques!T146+Tasques!T147+Tasques!T148+Tasques!T149+Tasques!T150+Tasques!T151+Tasques!T152+Tasques!T153+Tasques!T154+Tasques!T155+Tasques!T156+Tasques!T157+Tasques!T158+Tasques!T159+Tasques!T160+Tasques!T161+Tasques!T162+Tasques!T163+Tasques!T164+Tasques!T165+Tasques!T166+Tasques!T167+Tasques!T168+Tasques!T169+Tasques!T170+Tasques!T171+Tasques!T172+Tasques!T173+Tasques!T174+Tasques!T175+Tasques!T176+Tasques!T177+Tasques!T178+Tasques!T179+Tasques!T180+Tasques!T181+Tasques!T182+Tasques!T183+Tasques!T184+Tasques!T185+Tasques!T186+Tasques!T187+Tasques!T188+Tasques!T189+Tasques!T190+Tasques!T191+Tasques!T192+Tasques!T193+Tasques!T194+Tasques!T195+Tasques!T196+Tasques!T197+Tasques!T198+Tasques!T199+Tasques!T200+Tasques!T201+Tasques!T202+Tasques!T203+Tasques!T204+Tasques!T205+Tasques!T206+Tasques!T207+Tasques!T208+Tasques!T209+Tasques!T210+Tasques!T211+Tasques!T212+Tasques!T213+Tasques!T214+Tasques!T215 -> 746808 | F5: 1 | G5: =E5*F5 -> 746808 | H5: =(G5/3600) -> 207.44667 | I5: ='Tipus-de-Recurs-assignat'!B16 -> 90 | J5: =(G5/3600)*I5 -> 18670.2
A6: BT-PRY-001 | B6: Parallamps A | C6: Activa | D6: Empresa Especialista Parallamps | E6: =Tasques!T216+Tasques!T217+Tasques!T218+Tasques!T219+Tasques!T220 -> 28740 | F6: 1 | G6: =E6*F6 -> 28740 | H6: =(G6/3600) -> 7.9833333 | I6: ='Tipus-de-Recurs-assignat'!B17 -> 75 | J6: =(G6/3600)*I6 -> 598.75
A7: EI-EXT-003 | B7: Retimbrat Extintors 5A | C7: Activa | D7: Empresa Homologada Extinció d'Incendis | E7: =Tasques!T221+Tasques!T222+Tasques!T223 -> 21000 | F7: 1 | G7: =E7*F7 -> 21000 | H7: =(G7/3600) -> 5.8333333 | I7: ='Tipus-de-Recurs-assignat'!B13 -> 45 | J7: =(G7/3600)*I7 -> 262.5
A8: EI-BIE-003 | B8: Prova de pressió Boca d'Incendis Equipada 5A | C8: Activa | D8: Empresa Homologada Extinció d'Incendis | E8: =Tasques!T224 -> 7500 | F8: 1 | G8: =E8*F8 -> 7500 | H8: =(G8/3600) -> 2.0833333 | I8: ='Tipus-de-Recurs-assignat'!B13 -> 45 | J8: =(G8/3600)*I8 -> 93.75
A9: BT-GSL-102 | B9: Revisió Dipòsit Gasoil Aeri Amb Projecte 5A | C9: Activa | D9: Empresa Homologada Instal·lacions Petrolíferes | E9: =Tasques!T225+Tasques!T226+Tasques!T227+Tasques!T228 -> 15840 | F9: 1 | G9: =E9*F9 -> 15840 | H9: =(G9/3600) -> 4.4 | I9: ='Tipus-de-Recurs-assignat'!B5 -> 90 | J9: =(G9/3600)*I9 -> 396
A10: LG-ACS-003 | B10: Legionel·la- Operacions mensuals normatives ACS M | C10: Activa | D10: Equip intern Legionel·la | E10: =Tasques!T229+Tasques!T230 -> 3540 | F10: 12 | G10: =E10*F10 -> 42480 | H10: =(G10/3600) -> 11.8 | I10: ='Tipus-de-Recurs-assignat'!B10 -> 35 | J10: =(G10/3600)*I10 -> 413
A11: TR-ASC-001 | B11: Ascensors M | C11: Activa | D11: SAT | E11: =Tasques!T231+Tasques!T232 -> 2400 | F11: 12 | G11: =E11*F11 -> 28800 | H11: =(G11/3600) -> 8 | I11: ='Tipus-de-Recurs-assignat'!B19 -> 85 | J11: =(G11/3600)*I11 -> 680
A12: CL-RITE-071 | B12: Certificat Anual d'Instal·lacions Tèrmiques segons RITE. Catalunya A | C12: Activa | D12: Empresa Homologada Climatització | E12: =Tasques!T233 -> 1200 | F12: 1 | G12: =E12*F12 -> 1200 | H12: =(G12/3600) -> 0.33333333 | I12: ='Tipus-de-Recurs-assignat'!B20 -> 75 | J12: =(G12/3600)*I12 -> 25
A13: CL-GF-001 | B13: Aparells que utilitzen Gasos Fluorats (5 <= Ton eq. CO2 < 50). Sense Sistema de Detecció Fuites. A | C13: Activa | D13: Empresa Homologada Climatització | E13: =Tasques!T234+Tasques!T235 -> 3000 | F13: 1 | G13: =E13*F13 -> 3000 | H13: =(G13/3600) -> 0.83333333 | I13: ='Tipus-de-Recurs-assignat'!B20 -> 75 | J13: =(G13/3600)*I13 -> 62.5
A14: FT-SAN-001 | B14: Xarxa de sanejament i embornals 6M | C14: Activa | D14: Equip Intern Mecàniques | E14: =Tasques!T236+Tasques!T237+Tasques!T238+Tasques!T239+Tasques!T240+Tasques!T241+Tasques!T242 -> 9660 | F14: 2 | G14: =E14*F14 -> 19320 | H14: =(G14/3600) -> 5.3666667 | I14: ='Tipus-de-Recurs-assignat'!B12 -> 35 | J14: =(G14/3600)*I14 -> 187.83333
A15: FT-SAN-002 | B15: Xarxa de sanejament i embornals A | C15: Activa | D15: Equip Intern Mecàniques | E15: =Tasques!T243+Tasques!T244+Tasques!T245+Tasques!T246+Tasques!T247+Tasques!T248 -> 2940 | F15: 1 | G15: =E15*F15 -> 2940 | H15: =(G15/3600) -> 0.81666667 | I15: ='Tipus-de-Recurs-assignat'!B12 -> 35 | J15: =(G15/3600)*I15 -> 28.583333
A16: EI-SL-001 | B16: Sistema de senyalització luminescent A | C16: Activa | D16: Equip Intern PCI | E16: =Tasques!T249+Tasques!T250+Tasques!T251+Tasques!T252+Tasques!T253+Tasques!T254+Tasques!T255+Tasques!T256+Tasques!T257+Tasques!T258+Tasques!T259+Tasques!T260 -> 34800 | F16: 1 | G16: =E16*F16 -> 34800 | H16: =(G16/3600) -> 9.6666667 | I16: ='Tipus-de-Recurs-assignat'!B8 -> 35 | J16: =(G16/3600)*I16 -> 338.33333
A17: EI-SL-002 | B17: Substitució senyalització luminescent 10A | C17: Activa | D17: Empresa Homologada Extinció d'Incendis | E17: =Tasques!T261 -> 2100 | F17: 1 | G17: =E17*F17 -> 2100 | H17: =(G17/3600) -> 0.58333333 | I17: ='Tipus-de-Recurs-assignat'!B13 -> 45 | J17: =(G17/3600)*I17 -> 26.25
A18: CL-CA-001 (GLOBAL) | B18: Qualitat de l'Aire (Potència Instal·lació > 70 kW). Xarxa de conductes de sistemes de climatització i Qualitat Ambiental a Interiors A | C18: Activa | D18: Empresa Especialista Higiene i Qualitat Ambiental | E18: =Tasques!T262+Tasques!T263+Tasques!T264+Tasques!T265+Tasques!T266+Tasques!T267+Tasques!T268+Tasques!T269+Tasques!T270 -> 36285 | F18: 1 | G18: =E18*F18 -> 36285 | H18: =(G18/3600) -> 10.079167 | I18: ='Tipus-de-Recurs-assignat'!B21 -> 70 | J18: =(G18/3600)*I18 -> 705.54167
A19: OC-OC-001 | B19: Obra Civil A | C19: Activa | D19: Tècnic Competent | E19: =SUM(Tasques!T271:T275) -> 2700 | F19: 1 | G19: =E19*F19 -> 2700 | H19: =(G19/3600) -> 0.75 | I19: ='Tipus-de-Recurs-assignat'!B14 -> 40 | J19: =(G19/3600)*I19 -> 30
A20: EI-EXT-004 | B20: Substitució d'extintors 20A | C20: Activa | D20: Empresa Homologada Extinció d'Incendis | E20: =Tasques!T276+Tasques!T277+Tasques!T278 -> 2700 | F20: 1 | G20: =E20*F20 -> 2700 | H20: =(G20/3600) -> 0.75 | I20: ='Tipus-de-Recurs-assignat'!B13 -> 45 | J20: =(G20/3600)*I20 -> 33.75
A21: EI-BIE-004 | B21: Substitució BIE 20A | C21: Activa | D21: Empresa Homologada Extinció d'Incendis | E21: =Tasques!T279 -> 900 | F21: 1 | G21: =E21*F21 -> 900 | H21: =(G21/3600) -> 0.25 | I21: ='Tipus-de-Recurs-assignat'!B13 -> 45 | J21: =(G21/3600)*I21 -> 11.25
A22: TR-PE-101 | B22: Plataforma elevadora mòbil de personal A | C22: Activa | D22: Empresa d'inspecció i Control | E22: =Tasques!T280+Tasques!T281+Tasques!T282+Tasques!T283+Tasques!T284+Tasques!T285+Tasques!T286+Tasques!T287+Tasques!T288+Tasques!T289 -> 9540 | F22: 1 | G22: =E22*F22 -> 9540 | H22: =(G22/3600) -> 2.65 | I22: 60 | J22: =(G22/3600)*I22 -> 159
A23: BT-GE-001 | B23: Grup Electrogen A | C23: Activa | D23: Empresa Especialista Grup Electrogen | E23: =Tasques!T290+Tasques!T291+Tasques!T292+Tasques!T293+Tasques!T294+Tasques!T295+Tasques!T296+Tasques!T297+Tasques!T298+Tasques!T299+Tasques!T300+Tasques!T301+Tasques!T302+Tasques!T303+Tasques!T304+Tasques!T305+Tasques!T306 -> 121620 | F23: 1 | G23: =E23*F23 -> 121620 | H23: =(G23/3600) -> 33.783333 | I23: ='Tipus-de-Recurs-assignat'!B26 -> 120 | J23: =(G23/3600)*I23 -> 4054
A24: DDD-002 | B24: Desratització, Desinfecció i Desinsectació M | C24: Activa | D24: Empresa Homologada DDD | E24: =Tasques!T307 -> 1950 | F24: 12 | G24: =E24*F24 -> 23400 | H24: =(G24/3600) -> 6.5 | I24: ='Tipus-de-Recurs-assignat'!B27 -> 80 | J24: =(G24/3600)*I24 -> 520
A25: CL-GES-001 | B25: Sistema de Gestió de Climatització (Potència Instal·lació > 70 kW) 6M | C25: Activa | D25: Empresa Homologada Sistema de Gestió Climatització | E25: =Tasques!T308+Tasques!T309+Tasques!T310+Tasques!T311+Tasques!T312+Tasques!T313+Tasques!T314 -> 13650 | F25: 2 | G25: =E25*F25 -> 27300 | H25: =(G25/3600) -> 7.5833333 | I25: ='Tipus-de-Recurs-assignat'!B31 -> 75 | J25: =(G25/3600)*I25 -> 568.75
A26: CL-GEF-001 | B26: Avaluació Periòdica del Rendiment dels Equips Generadors de fred (70kW < P ≤ 1.000kW) 3M | C26: Activa | D26: SAT | E26: =Tasques!T315+Tasques!T316+Tasques!T317+Tasques!T318+Tasques!T319+Tasques!T320+Tasques!T321+Tasques!T322+Tasques!T323+Tasques!T324+Tasques!T325+Tasques!T326+Tasques!T327+Tasques!T328+Tasques!T329+Tasques!T330+Tasques!T331+Tasques!T332+Tasques!T333+Tasques!T334+Tasques!T335+Tasques!T336+Tasques!T337+Tasques!T338+Tasques!T339+Tasques!T340 -> 52200 | F26: 4 | G26: =E26*F26 -> 208800 | H26: =(G26/3600) -> 58 | I26: 120 | J26: =(G26/3600)*I26 -> 6960
A27: CL-TEM-001 | B27: Verificació de Temperatura 6M | C27: Activa | D27: Empresa Homologada Climatització | E27: =Tasques!T341 -> 3000 | F27: 2 | G27: =E27*F27 -> 6000 | H27: =(G27/3600) -> 1.6666667 | I27: ='Tipus-de-Recurs-assignat'!B20 -> 75 | J27: =(G27/3600)*I27 -> 125
A28: BT-SGI-001 | B28: Sistema de gestió d'il·luminació A | C28: Activa | D28: Empresa Homologada Sistema de Gestió Il·luminació | E28: =Tasques!T342+Tasques!T343+Tasques!T344 -> 5700 | F28: 1 | G28: =E28*F28 -> 5700 | H28: =(G28/3600) -> 1.5833333 | I28: ='Tipus-de-Recurs-assignat'!B36 -> 70 | J28: =(G28/3600)*I28 -> 110.83333
A29: CL-PREV-000-B1 (GLOBAL) | B29: Programa de Manteniment Preventiu d'Instal·lacions Tèrmiques (Potència Instal·lació > 70 kW) M | C29: Activa | D29: Empresa Homologada Climatització | E29: =Tasques!T345+Tasques!T346+Tasques!T347+Tasques!T348+Tasques!T349+Tasques!T350+Tasques!T351+Tasques!T352+Tasques!T353+Tasques!T354+Tasques!T355+Tasques!T356+Tasques!T357+Tasques!T358+Tasques!T359+Tasques!T360+Tasques!T361+Tasques!T362+Tasques!T363+Tasques!T364+Tasques!T365+Tasques!T366+Tasques!T367+Tasques!T368 -> 63600 | F29: 12 | G29: =E29*F29 -> 763200 | H29: =(G29/3600) -> 212 | I29: ='Tipus-de-Recurs-assignat'!B20 -> 75 | J29: =(G29/3600)*I29 -> 15900
A30: CL-PREV-000-B2 (GLOBAL) | B30: Programa de Manteniment Preventiu d'Instal·lacions Tèrmiques (Potència Instal·lació > 70 kW) 6M | C30: Activa | D30: Empresa Homologada Climatització | E30: =Tasques!T369+Tasques!T370+Tasques!T371+Tasques!T372+Tasques!T373+Tasques!T374+Tasques!T375+Tasques!T376+Tasques!T377+Tasques!T378+Tasques!T379+Tasques!T380+Tasques!T381+Tasques!T382+Tasques!T383+Tasques!T384+Tasques!T385 -> 68100 | F30: 2 | G30: =E30*F30 -> 136200 | H30: =(G30/3600) -> 37.833333 | I30: ='Tipus-de-Recurs-assignat'!B20 -> 75 | J30: =(G30/3600)*I30 -> 2837.5
A31: CL-PREV-000-B3 (GLOBAL) | B31: Programa de Manteniment Preventiu d'Instal·lacions Tèrmiques (Potència Instal·lació > 70 kW) A | C31: Activa | D31: Empresa Homologada Climatització | E31: =Tasques!T386+Tasques!T387+Tasques!T388+Tasques!T389+Tasques!T390+Tasques!T391+Tasques!T392+Tasques!T393+Tasques!T394+Tasques!T395+Tasques!T396+Tasques!T397+Tasques!T398+Tasques!T399+Tasques!T400+Tasques!T401+Tasques!T402+Tasques!T403 -> 87690 | F31: 1 | G31: =E31*F31 -> 87690 | H31: =(G31/3600) -> 24.358333 | I31: ='Tipus-de-Recurs-assignat'!B20 -> 75 | J31: =(G31/3600)*I31 -> 1826.875
A32: EI-PEI-001 | B32: Portes EI 6M | C32: Activa | D32: Empresa Homologada Extinció d'Incendis | E32: =Tasques!T404+Tasques!T405+Tasques!T406+Tasques!T407+Tasques!T408+Tasques!T409+Tasques!T410+Tasques!T411+Tasques!T412+Tasques!T413+Tasques!T414+Tasques!T415+Tasques!T416 -> 34200 | F32: 2 | G32: =E32*F32 -> 68400 | H32: =(G32/3600) -> 19 | I32: ='Tipus-de-Recurs-assignat'!B13 -> 45 | J32: =(G32/3600)*I32 -> 855
A33: EI-CCF-001 | B33: Comportes Tallafocs 6M | C33: Activa | D33: Empresa Homologada Extinció d'Incendis | E33: =Tasques!T417+Tasques!T418+Tasques!T419+Tasques!T420+Tasques!T421+Tasques!T422+Tasques!T423+Tasques!T424 -> 35100 | F33: 2 | G33: =E33*F33 -> 70200 | H33: =(G33/3600) -> 19.5 | I33: ='Tipus-de-Recurs-assignat'!B13 -> 45 | J33: =(G33/3600)*I33 -> 877.5
A34: BT-SAI-001 | B34: Sistema d'alimentació ininterrompuda (SAI) A | C34: Activa | D34: SAT | E34: =Tasques!T425+Tasques!T426+Tasques!T427+Tasques!T428+Tasques!T429+Tasques!T430+Tasques!T431+Tasques!T432+Tasques!T433+Tasques!T434 -> 50500 | F34: 1 | G34: =E34*F34 -> 50500 | H34: =(G34/3600) -> 14.027778 | I34: ='Tipus-de-Recurs-assignat'!B42 -> 90 | J34: =(G34/3600)*I34 -> 1262.5
A35: BT-SAI-002 | B35: Sistema d'alimentació Ininterrompuda M | C35: Activa | D35: Equip Intern Mecàniques | E35: =Tasques!T435+Tasques!T436+Tasques!T437 -> 1080 | F35: 12 | G35: =E35*F35 -> 12960 | H35: =(G35/3600) -> 3.6 | I35: ='Tipus-de-Recurs-assignat'!B12 -> 35 | J35: =(G35/3600)*I35 -> 126
A36: EI-SIST-001 (GLOBAL) | B36: Revisió de la Instal·lació d'Extinición d'Incendis 3M | C36: Activa | D36: Equip Intern PCI | E36: =Tasques!T438+Tasques!T439+Tasques!T440+Tasques!T441+Tasques!T442+Tasques!T443+Tasques!T444+Tasques!T445+Tasques!T446+Tasques!T447+Tasques!T448+Tasques!T449+Tasques!T450+Tasques!T451+Tasques!T452+Tasques!T453+Tasques!T454+Tasques!T455+Tasques!T456+Tasques!T457+Tasques!T458+Tasques!T459+Tasques!T460+Tasques!T461+Tasques!T462+Tasques!T463+Tasques!T464+Tasques!T465+Tasques!T466+Tasques!T467+Tasques!T468+Tasques!T469+Tasques!T470+Tasques!T471 -> 12240 | F36: 4 | G36: =E36*F36 -> 48960 | H36: =(G36/3600) -> 13.6 | I36: ='Tipus-de-Recurs-assignat'!B8 -> 35 | J36: =(G36/3600)*I36 -> 476
A37: EI-SIST-003 (GLOBAL) | B37: Revisió de la Instal·lació d'Extinció d'Incendis A | C37: Activa | D37: Empresa Homologada Extinció d'Incendis | E37: =Tasques!T472+Tasques!T473+Tasques!T474+Tasques!T475+Tasques!T476+Tasques!T477+Tasques!T478+Tasques!T479+Tasques!T480+Tasques!T481+Tasques!T482+Tasques!T483+Tasques!T484+Tasques!T485+Tasques!T486+Tasques!T487+Tasques!T488+Tasques!T489+Tasques!T490+Tasques!T491+Tasques!T492+Tasques!T493+Tasques!T494+Tasques!T495+Tasques!T496+Tasques!T497+Tasques!T498+Tasques!T499+Tasques!T500+Tasques!T501+Tasques!T502+Tasques!T503+Tasques!T504+Tasques!T505+Tasques!T506+Tasques!T507+Tasques!T508+Tasques!T509+Tasques!T510+Tasques!T511+Tasques!T512+Tasques!T513+Tasques!T514+Tasques!T515+Tasques!T516+Tasques!T517+Tasques!T518+Tasques!T519+Tasques!T520 -> 17640 | F37: 1 | G37: =E37*F37 -> 17640 | H37: =(G37/3600) -> 4.9 | I37: ='Tipus-de-Recurs-assignat'!B13 -> 45 | J37: =(G37/3600)*I37 -> 220.5
A38: EI-SIST-002 (GLOBAL) | B38: Revisió de la Instal·lació d'Extinció d'Incendis 6M | C38: Activa | D38: Equip Intern PCI | E38: =Tasques!T521+Tasques!T522 -> 720 | F38: 2 | G38: =E38*F38 -> 1440 | H38: =(G38/3600) -> 0.4 | I38: ='Tipus-de-Recurs-assignat'!B8 -> 35 | J38: =(G38/3600)*I38 -> 14
A39: BT-IEX-002 | B39: Il·luminació exterior A | C39: Activa | D39: Equip Intern Electricitat | E39: =Tasques!T523+Tasques!T524+Tasques!T525+Tasques!T526 -> 1440 | F39: 1 | G39: =E39*F39 -> 1440 | H39: =(G39/3600) -> 0.4 | I39: ='Tipus-de-Recurs-assignat'!B46 -> 35 | J39: =(G39/3600)*I39 -> 14
A40: CL-VT-001 | B40: Equips de ventilació i extracció 3M | C40: Activa | D40: Equip Intern Mecàniques | E40: =Tasques!T527+Tasques!T528+Tasques!T529+Tasques!T530+Tasques!T531+Tasques!T532+Tasques!T533+Tasques!T534+Tasques!T535+Tasques!T536+Tasques!T537 -> 3960 | F40: 4 | G40: =E40*F40 -> 15840 | H40: =(G40/3600) -> 4.4 | I40: ='Tipus-de-Recurs-assignat'!B12 -> 35 | J40: =(G40/3600)*I40 -> 154
A41: MTO-MAQ-004 | B41: Manteniment de màquines segons especificacions de fabricant i criteris de seguretat A | C41: Activa | D41: Tècnic Competent | E41: =Tasques!T538 -> 360 | F41: 1 | G41: =E41*F41 -> 360 | H41: =(G41/3600) -> 0.1 | I41: ='Tipus-de-Recurs-assignat'!B14 -> 40 | J41: =(G41/3600)*I41 -> 4
A42: COMP-BT-002 | B42: Manteniment Preventiu Complementari Equips de Baixa Tensió 3M | C42: Activa | D42: Equip Intern Electricitat | E42: =Tasques!T539+Tasques!T540+Tasques!T541+Tasques!T542+Tasques!T543+Tasques!T544+Tasques!T545+Tasques!T546+Tasques!T547+Tasques!T548+Tasques!T549 -> 3960 | F42: 4 | G42: =E42*F42 -> 15840 | H42: =(G42/3600) -> 4.4 | I42: ='Tipus-de-Recurs-assignat'!B46 -> 35 | J42: =(G42/3600)*I42 -> 154
A43: COMP-FT-001 | B43: Manteniment Preventiu Complementari Equips de Lampisteria M | C43: Activa | D43: Equip Intern Mecàniques | E43: =Tasques!T550+Tasques!T551+Tasques!T552+Tasques!T553+Tasques!T554+Tasques!T555+Tasques!T556+Tasques!T557+Tasques!T558+Tasques!T559+Tasques!T560+Tasques!T561 -> 4320 | F43: 12 | G43: =E43*F43 -> 51840 | H43: =(G43/3600) -> 14.4 | I43: ='Tipus-de-Recurs-assignat'!B12 -> 35 | J43: =(G43/3600)*I43 -> 504
A44: BT-ILE-003 | B44: Il·luminació d'emergència i senyalització 3M | C44: Activa | D44: Equip Intern Electricitat | E44: =Tasques!T568+Tasques!T569+Tasques!T570 -> 1080 | F44: 4 | G44: =E44*F44 -> 4320 | H44: =(G44/3600) -> 1.2 | I44: ='Tipus-de-Recurs-assignat'!B46 -> 35 | J44: =(G44/3600)*I44 -> 42
A45: LG-ACS/AFS-003 | B45: Determinació Legionel·la, Aerobis i Ferro Sistemes d'Aigua Sanitària 3M | C45: Activa | D45: Empresa Homologada Legionel·la | E45: =Tasques!T571 -> 360 | F45: 4 | G45: =E45*F45 -> 1440 | H45: =(G45/3600) -> 0.4 | I45: ='Tipus-de-Recurs-assignat'!B11 -> 80 | J45: =(G45/3600)*I45 -> 32
A46: LG-ACS/AFS-101 | B46: Mostreig Temperatura, pH i Biocida Sistemes d'Aigua Sanitària D | C46: Activa | D46: Equip intern Legionel·la | E46: =Tasques!T572+Tasques!T573+Tasques!T574 -> 1080 | F46: 364 | G46: =E46*F46 -> 393120 | H46: =(G46/3600) -> 109.2 | I46: ='Tipus-de-Recurs-assignat'!B10 -> 35 | J46: =(G46/3600)*I46 -> 3822
A47: LG-ACS/AFS-102 | B47: Mostreig Terbolesa Sistemes d'Aigua Sanitària 7D | C47: Activa | D47: Equip intern Legionel·la | E47: =Tasques!T575 -> 360 | F47: 52 | G47: =E47*F47 -> 18720 | H47: =(G47/3600) -> 5.2 | I47: ='Tipus-de-Recurs-assignat'!B10 -> 35 | J47: =(G47/3600)*I47 -> 182
A48: EI-CCF-002 | B48: Comportes Tallafocs A | C48: Activa | D48: Empresa Homologada Extinció d'Incendis | E48: =Tasques!T576+Tasques!T577+Tasques!T578+Tasques!T579+Tasques!T580+Tasques!T581 -> 2160 | F48: 1 | G48: =E48*F48 -> 2160 | H48: =(G48/3600) -> 0.6 | I48: ='Tipus-de-Recurs-assignat'!B13 -> 45 | J48: =(G48/3600)*I48 -> 27
A49: LG-AFS/ACS-002 (GLOBAL) | B49: Legionel·la- Neteja i desinfecció AFS i ACS A | C49: Activa | D49: Empresa Homologada Legionel·la | E49: =Tasques!T582+Tasques!T583 -> 18000 | F49: 1 | G49: =E49*F49 -> 18000 | H49: =(G49/3600) -> 5 | I49: ='Tipus-de-Recurs-assignat'!B11 -> 80 | J49: =(G49/3600)*I49 -> 400
A50: SC-PRT-003 | B50: Portes/Portes grans Industrials, comercials i Garatges 4M | C50: Activa | D50: Tècnic Competent | E50: =Tasques!T584+Tasques!T585+Tasques!T586+Tasques!T587+Tasques!T588+Tasques!T589 -> 38400 | F50: 3 | G50: =E50*F50 -> 115200 | H50: =(G50/3600) -> 32 | I50: ='Tipus-de-Recurs-assignat'!B14 -> 40 | J50: =(G50/3600)*I50 -> 1280
A51: PRL-ALM-001 | B51: Prestatgeries Metàl·liques d'Emmagatzematge M | C51: Activa | D51: Equip Intern Mecàniques | E51: =Tasques!T599 -> 9900 | F51: 12 | G51: =E51*F51 -> 118800 | H51: =(G51/3600) -> 33 | I51: ='Tipus-de-Recurs-assignat'!B12 -> 35 | J51: =(G51/3600)*I51 -> 1155
A52: PRL-ALM-002 | B52: Prestatgeries Metàl·liques d'Emmagatzematge A | C52: Activa | D52: SAT | E52: =Tasques!T594+Tasques!T595+Tasques!T596+Tasques!T597+Tasques!T598 -> 38400 | F52: 1 | G52: =E52*F52 -> 38400 | H52: =(G52/3600) -> 10.666667 | I52: 60 | J52: =(G52/3600)*I52 -> 640
A53: COMP-FT-004 | B53: Manteniment Preventiu Complementari Equips de Lampisteria 6M | C53: Activa | D53: SAT | E53: =Tasques!T590+Tasques!T591+Tasques!T592+Tasques!T593 -> 48000 | F53: 2 | G53: =E53*F53 -> 96000 | H53: =(G53/3600) -> 26.666667 | I53: 40 | J53: =(G53/3600)*I53 -> 1066.6667
A54: ICGC-GE-001 | B54: Revisió de la Commutació del Grup Electrògen M | C54: Activa | D54: Equip Intern Mecàniques | E54: =Tasques!T600+Tasques!T601+Tasques!T602+Tasques!T603+Tasques!T604 -> 89100 | F54: 12 | G54: =E54*F54 -> 1069200 | H54: =(G54/3600) -> 297 | I54: ='Tipus-de-Recurs-assignat'!B12 -> 35 | J54: =(G54/3600)*I54 -> 10395
A55: COMP-PCI-003 | B55: Manteniment Preventiu Complementari Equips de Protecció Contra Incendis 6M | C55: Activa | D55: Equip Intern PCI | E55: =SUM(Tasques!T605:T611) -> 37800 | F55: 2 | G55: =E55*F55 -> 75600 | H55: =(G55/3600) -> 21 | I55: ='Tipus-de-Recurs-assignat'!B8 -> 35 | J55: =(G55/3600)*I55 -> 735
A56: COMP-OC-004 | B56: Mantenimiento Preventivo Complementario Obra Civil 6M | C56: Activa | D56: Equip Intern Mecàniques | E56: =SUM(Tasques!T562:T567) -> 2160 | F56: 2 | G56: =E56*F56 -> 4320 | H56: =(G56/3600) -> 1.2 | I56: ='Tipus-de-Recurs-assignat'!B12 -> 35 | J56: =(G56/3600)*I56 -> 42
A57: PR-AC-001 | B57: Revisió del Sistema Mecànic dels Exutoris A | C57: Activa | D57: SAT | E57: =SUM(Tasques!T612:T622) -> 34200 | F57: 1 | G57: =E57*F57 -> 34200 | H57: =(G57/3600) -> 9.5 | I57: ='Tipus-de-Recurs-assignat'!B35 -> 65 | J57: =(G57/3600)*I57 -> 617.5
J58: =SUM(J4:J57) -> 84038.867

Sheet Tipus-de-Recurs-assignat
A2: Tipus de recurs assignat
A3: Nom | B3: Coste (Euros)
A4: Empresa d'inspecció i Control | B4: 0
A5: Empresa Homologada Instal·lacions Petrolíferes | B5: 90
A6: Empresa Homologada Frigorista | B6: 75
A7: Empresa Homologada Detecció d'Incendis | B7: 45
A8: Equip Intern PCI | B8: 35
A9: Empresa Homologada Seguretat | B9: 50
A10: Equip intern Legionel·la | B10: 35
A11: Empresa Homologada Legionel·la | B11: 80
A12: Equip Intern Mecàniques | B12: 35
A13: Empresa Homologada Extinció d'Incendis | B13: 45
A14: Tècnic Competent | B14: 40
A15: Empresa Homologada Baixa Tensió | B15: 60
... A47: Paleta | B47: 45
